Workbook
Name T9_02: 'Page 1 - General Information'!$K$4996:$K$4998
Name T9_LEA_Name: 'PIMS LEA'!$B$2:$B$660
Name T9_Sch: 'Page 1 - General Information'!$H$4996:$H$5176

Sheet Page 1 - General Information
E4: =" INTERSCHOLASTIC ATHLETIC OPPORTUNITIES DISCLOSURE FORM "&M7 -> INTERSCHOLASTIC ATHLETIC OPPORTUNITIES DISCLOSURE FORM 22.1
E5: 2021 - 2022 School Year
E7: Page 1 - Section 1: General Information | L7: Ver | M7: 22.1
E9: LEA & School Information
E10: LEA Name: | G10: Elizabethtown Area SD
E12: LEA AUN: | G12: =IF(ISERROR(VLOOKUP(G10,'PIMS LEA'!$B$1:$H$784,2,FALSE)),"",(VLOOKUP(G10,'PIMS LEA'!$B$1:$H$784,2,FALSE))) -> 113362403
E14: School Name: | G14: Elizabethtown Area SHS
E16: School Number: | G16: =IF(ISERROR(VLOOKUP(G12&G14,'PIMS School'!$D$1:$J$1463,7,FALSE)),"",(VLOOKUP(G12&G14,'PIMS School'!$D$1:$J$1463,7,FALSE))) -> 2562
E18: School Enrollment Data
H20: Grade | J20: Boys | K20: Girls | L20: Total
H21: 7th | J21: =IF(ISERROR(VLOOKUP($G$12&$G$16,'Enrollment Report'!$A$3:$N$2989,3,FALSE)),0,(VLOOKUP($G$12&$G$16,'Enrollment Report'!$A$3:$N$2989,3,FALSE))) -> 0 | K21: =IF(ISERROR(VLOOKUP($G$12&$G$16,'Enrollment Report'!$A$3:$N$2989,2,FALSE)),0,(VLOOKUP($G$12&$G$16,'Enrollment Report'!$A$3:$N$2989,2,FALSE))) -> 0 | L21: =J21+K21 -> 0
H22: 8th | J22: =IF(ISERROR(VLOOKUP($G$12&$G$16,'Enrollment Report'!$A$3:$N$2989,5,FALSE)),0,(VLOOKUP($G$12&$G$16,'Enrollment Report'!$A$3:$N$2989,5,FALSE))) -> 0 | K22: =IF(ISERROR(VLOOKUP($G$12&$G$16,'Enrollment Report'!$A$3:$N$2989,4,FALSE)),0,(VLOOKUP($G$12&$G$16,'Enrollment Report'!$A$3:$N$2989,4,FALSE))) -> 0 | L22: =J22+K22 -> 0
H23: 9th | J23: =IF(ISERROR(VLOOKUP($G$12&$G$16,'Enrollment Report'!$A$3:$N$2989,7,FALSE)),0,(VLOOKUP($G$12&$G$16,'Enrollment Report'!$A$3:$N$2989,7,FALSE))) -> 175 | K23: =IF(ISERROR(VLOOKUP($G$12&$G$16,'Enrollment Report'!$A$3:$N$2989,6,FALSE)),0,(VLOOKUP($G$12&$G$16,'Enrollment Report'!$A$3:$N$2989,6,FALSE))) -> 158 | L23: =J23+K23 -> 333
H24: 10th | J24: =IF(ISERROR(VLOOKUP($G$12&$G$16,'Enrollment Report'!$A$3:$N$2989,9,FALSE)),0,(VLOOKUP($G$12&$G$16,'Enrollment Report'!$A$3:$N$2989,9,FALSE))) -> 161 | K24: =IF(ISERROR(VLOOKUP($G$12&$G$16,'Enrollment Report'!$A$3:$N$2989,8,FALSE)),0,(VLOOKUP($G$12&$G$16,'Enrollment Report'!$A$3:$N$2989,8,FALSE))) -> 150 | L24: =J24+K24 -> 311
H25: 11th | J25: =IF(ISERROR(VLOOKUP($G$12&$G$16,'Enrollment Report'!$A$3:$N$2989,11,FALSE)),0,(VLOOKUP($G$12&$G$16,'Enrollment Report'!$A$3:$N$2989,11,FALSE))) -> 141 | K25: =IF(ISERROR(VLOOKUP($G$12&$G$16,'Enrollment Report'!$A$3:$N$2989,10,FALSE)),0,(VLOOKUP($G$12&$G$16,'Enrollment Report'!$A$3:$N$2989,10,FALSE))) -> 133 | L25: =J25+K25 -> 274
H26: 12th | J26: =IF(ISERROR(VLOOKUP($G$12&$G$16,'Enrollment Report'!$A$3:$N$2989,13,FALSE)),0,(VLOOKUP($G$12&$G$16,'Enrollment Report'!$A$3:$N$2989,13,FALSE))) -> 143 | K26: =IF(ISERROR(VLOOKUP($G$12&$G$16,'Enrollment Report'!$A$3:$N$2989,12,FALSE)),0,(VLOOKUP($G$12&$G$16,'Enrollment Report'!$A$3:$N$2989,12,FALSE))) -> 160 | L26: =J26+K26 -> 303
H27: Total | J27: =SUM(J21:J26) -> 620 | K27: =SUM(K21:K26) -> 601 | L27: =SUM(L21:L26) -> 1221
E29: Contact Information
E30: Name of LEAs Title IX Compliance Officer: | G30: Courtney Kunes
E31: Telephone Number: | G31: 717-367-1521 | L31: Extension: | M31: 10014
E32: Email Address: | G32: courtney_kunes@etownschools.org
E34: Name of Individual Completing This Form: | G34: William Templin
E35: Telephone Number: | G35: 717-367-1521 | L35: Extension: | M35: 21124
E36: Email Address: | G36: william_templin@etownschools.org
E38: Interscholastic Team Sponsorship
E39: Does This School Sponsor Any Interscholastic Athletic Teams? (Yes or No) | G39: Yes
E40: If Your Answer To The Above Question Is No, Stop! If You Have Athletes Playing For Another School, Please Explain On Page 4. Otherwise, You Do Not Need To Complete The Remainder Of The Survey For This School. Please Submit Per The Instructions Provided.
G4994: T9_Sch & T9_Number | K4994: T9_02
H4996: [Make Selection From Drop-Down List ] | I4996: 0000 | K4996: [Make Selection From Drop-Down List ]
D4997: 1 | G4997: 1 | H4997: =IF(ISERROR(VLOOKUP($G$12&$G4997,'PIMS School'!$C$1:$R$1467,7,FALSE)),"",(VLOOKUP($G$12&$G4997,'PIMS School'!$C$1:$R$1467,7,FALSE))) -> Elizabethtown Area MS | I4997: =IF(ISERROR(VLOOKUP($G$12&$G4997,'PIMS School'!$C$1:$R$1467,8,FALSE)),"",(VLOOKUP($G$12&$G4997,'PIMS School'!$C$1:$R$1467,8,FALSE))) -> 6862 | K4997: Yes
G4998: 2 | H4998: =IF(ISERROR(VLOOKUP($G$12&$G4998,'PIMS School'!$C$1:$R$1467,7,FALSE)),"",(VLOOKUP($G$12&$G4998,'PIMS School'!$C$1:$R$1467,7,FALSE))) -> Elizabethtown Area SHS | I4998: =IF(ISERROR(VLOOKUP($G$12&$G4998,'PIMS School'!$C$1:$R$1467,8,FALSE)),"",(VLOOKUP($G$12&$G4998,'PIMS School'!$C$1:$R$1467,8,FALSE))) -> 2562 | K4998: No
G4999: 3 | H4999: =IF(ISERROR(VLOOKUP($G$12&$G4999,'PIMS School'!$C$1:$R$1467,7,FALSE)),"",(VLOOKUP($G$12&$G4999,'PIMS School'!$C$1:$R$1467,7,FALSE))) | I4999: =IF(ISERROR(VLOOKUP($G$12&$G4999,'PIMS School'!$C$1:$R$1467,8,FALSE)),"",(VLOOKUP($G$12&$G4999,'PIMS School'!$C$1:$R$1467,8,FALSE)))
G5000: 4 | H5000: =IF(ISERROR(VLOOKUP($G$12&$G5000,'PIMS School'!$C$1:$R$1467,7,FALSE)),"",(VLOOKUP($G$12&$G5000,'PIMS School'!$C$1:$R$1467,7,FALSE))) | I5000: =IF(ISERROR(VLOOKUP($G$12&$G5000,'PIMS School'!$C$1:$R$1467,8,FALSE)),"",(VLOOKUP($G$12&$G5000,'PIMS School'!$C$1:$R$1467,8,FALSE)))
G5001: 5 | H5001: =IF(ISERROR(VLOOKUP($G$12&$G5001,'PIMS School'!$C$1:$R$1467,7,FALSE)),"",(VLOOKUP($G$12&$G5001,'PIMS School'!$C$1:$R$1467,7,FALSE))) | I5001: =IF(ISERROR(VLOOKUP($G$12&$G5001,'PIMS School'!$C$1:$R$1467,8,FALSE)),"",(VLOOKUP($G$12&$G5001,'PIMS School'!$C$1:$R$1467,8,FALSE)))
G5002: 6 | H5002: =IF(ISERROR(VLOOKUP($G$12&$G5002,'PIMS School'!$C$1:$R$1467,7,FALSE)),"",(VLOOKUP($G$12&$G5002,'PIMS School'!$C$1:$R$1467,7,FALSE))) | I5002: =IF(ISERROR(VLOOKUP($G$12&$G5002,'PIMS School'!$C$1:$R$1467,8,FALSE)),"",(VLOOKUP($G$12&$G5002,'PIMS School'!$C$1:$R$1467,8,FALSE)))
G5003: 7 | H5003: =IF(ISERROR(VLOOKUP($G$12&$G5003,'PIMS School'!$C$1:$R$1467,7,FALSE)),"",(VLOOKUP($G$12&$G5003,'PIMS School'!$C$1:$R$1467,7,FALSE))) | I5003: =IF(ISERROR(VLOOKUP($G$12&$G5003,'PIMS School'!$C$1:$R$1467,8,FALSE)),"",(VLOOKUP($G$12&$G5003,'PIMS School'!$C$1:$R$1467,8,FALSE)))
G5004: 8 | H5004: =IF(ISERROR(VLOOKUP($G$12&$G5004,'PIMS School'!$C$1:$R$1467,7,FALSE)),"",(VLOOKUP($G$12&$G5004,'PIMS School'!$C$1:$R$1467,7,FALSE))) | I5004: =IF(ISERROR(VLOOKUP($G$12&$G5004,'PIMS School'!$C$1:$R$1467,8,FALSE)),"",(VLOOKUP($G$12&$G5004,'PIMS School'!$C$1:$R$1467,8,FALSE)))
G5005: 9 | H5005: =IF(ISERROR(VLOOKUP($G$12&$G5005,'PIMS School'!$C$1:$R$1467,7,FALSE)),"",(VLOOKUP($G$12&$G5005,'PIMS School'!$C$1:$R$1467,7,FALSE))) | I5005: =IF(ISERROR(VLOOKUP($G$12&$G5005,'PIMS School'!$C$1:$R$1467,8,FALSE)),"",(VLOOKUP($G$12&$G5005,'PIMS School'!$C$1:$R$1467,8,FALSE)))
G5006: 10 | H5006: =IF(ISERROR(VLOOKUP($G$12&$G5006,'PIMS School'!$C$1:$R$1467,7,FALSE)),"",(VLOOKUP($G$12&$G5006,'PIMS School'!$C$1:$R$1467,7,FALSE))) | I5006: =IF(ISERROR(VLOOKUP($G$12&$G5006,'PIMS School'!$C$1:$R$1467,8,FALSE)),"",(VLOOKUP($G$12&$G5006,'PIMS School'!$C$1:$R$1467,8,FALSE)))
G5007: 11 | H5007: =IF(ISERROR(VLOOKUP($G$12&$G5007,'PIMS School'!$C$1:$R$1467,7,FALSE)),"",(VLOOKUP($G$12&$G5007,'PIMS School'!$C$1:$R$1467,7,FALSE))) | I5007: =IF(ISERROR(VLOOKUP($G$12&$G5007,'PIMS School'!$C$1:$R$1467,8,FALSE)),"",(VLOOKUP($G$12&$G5007,'PIMS School'!$C$1:$R$1467,8,FALSE)))
G5008: 12 | H5008: =IF(ISERROR(VLOOKUP($G$12&$G5008,'PIMS School'!$C$1:$R$1467,7,FALSE)),"",(VLOOKUP($G$12&$G5008,'PIMS School'!$C$1:$R$1467,7,FALSE))) | I5008: =IF(ISERROR(VLOOKUP($G$12&$G5008,'PIMS School'!$C$1:$R$1467,8,FALSE)),"",(VLOOKUP($G$12&$G5008,'PIMS School'!$C$1:$R$1467,8,FALSE)))
G5009: 13 | H5009: =IF(ISERROR(VLOOKUP($G$12&$G5009,'PIMS School'!$C$1:$R$1467,7,FALSE)),"",(VLOOKUP($G$12&$G5009,'PIMS School'!$C$1:$R$1467,7,FALSE))) | I5009: =IF(ISERROR(VLOOKUP($G$12&$G5009,'PIMS School'!$C$1:$R$1467,8,FALSE)),"",(VLOOKUP($G$12&$G5009,'PIMS School'!$C$1:$R$1467,8,FALSE)))
G5010: 14 | H5010: =IF(ISERROR(VLOOKUP($G$12&$G5010,'PIMS School'!$C$1:$R$1467,7,FALSE)),"",(VLOOKUP($G$12&$G5010,'PIMS School'!$C$1:$R$1467,7,FALSE))) | I5010: =IF(ISERROR(VLOOKUP($G$12&$G5010,'PIMS School'!$C$1:$R$1467,8,FALSE)),"",(VLOOKUP($G$12&$G5010,'PIMS School'!$C$1:$R$1467,8,FALSE)))
... G5279: 283 | H5279: =IF(ISERROR(VLOOKUP($G$12&$G5279,'PIMS School'!$C$1:$R$1467,7,FALSE)),"",(VLOOKUP($G$12&$G5279,'PIMS School'!$C$1:$R$1467,7,FALSE))) | I5279: =IF(ISERROR(VLOOKUP($G$12&$G5279,'PIMS School'!$C$1:$R$1467,8,FALSE)),"",(VLOOKUP($G$12&$G5279,'PIMS School'!$C$1:$R$1467,8,FALSE)))

Sheet Page 2 - Team Information
E4: ='Page 1 - General Information'!E4 -> INTERSCHOLASTIC ATHLETIC OPPORTUNITIES DISCLOSURE FORM 22.1
E5: ='Page 1 - General Information'!E5 -> 2021 - 2022 School Year
G7: =IF('Page 1 - General Information'!G14="[Make Selection From Drop-Down List ]","",("School: "&'Page 1 - General Information'!G14&" - "&'Page 1 - General Information'!G16)) -> School: Elizabethtown Area SHS - 2562 | T7: Page 2 - Section 1: Team Information | AI7: =IF('Page 1 - General Information'!G10=" [Make Selection From Drop-Down List ]","",("LEA: "&'Page 1 - General Information'!G10&" - "&'Page 1 - General Information'!G12)) -> LEA: Elizabethtown Area SD - 113362403
E9: TEAM MEMBERSHIP | AH9: COACHES & TRAINERS
E10: Sport | G10: Boys/Girls | I10: Level | K10: Total Number of Participants (As Of The Day Of The First Scheduled Team Competition) | O10: Season(s) Team Competes | S10: Team History (Format =YYYY, e.g. 1955) | X10: Total Number of Competitions Scheduled Per Season | AC10: Total Number of Competitions Played Per Season | AH10: NUMBER OF COACHES PER TEAM | AM10: PERCENTAGE OF TIME SPENT BY EACH ATHLETIC TRAINER WITH EACH TEAM
AH11: Head | AJ11: Assistant | AM11: Trainer 1 | AN11: Trainer 2 | AO11: Trainer 3 | AP11: Trainer 4
K12: Boys | L12: Girls | M12: TOTAL | O12: F | P12: W | Q12: S | S12: Year Established 1 | T12: Year of Demotion | U12: Year of Elimination | V12: Year of Reinstatement | X12: F | Y12: W | Z12: S | AA12: Total | AC12: F | AD12: W | AE12: S | AF12: Total | AH12: Full Time | AI12: Part Time | AJ12: Full Time | AK12: Part Time | AM12: =SUM(AM14:AM184) -> 0 | AN12: =SUM(AN14:AN184) -> 0 | AO12: =SUM(AO14:AO184) -> 0 | AP12: =SUM(AP14:AP184) -> 0
K13: 1 | L13: 2 | M13: 3 | N13: 9 | O13: 5 | P13: 6 | Q13: 7 | R13: 22 | S13: 9 | T13: 10 | U13: 11 | V13: 12 | W13: 27 | X13: 14 | Y13: 15 | Z13: 16 | AA13: 17 | AB13: 32 | AC13: 19 | AD13: 20 | AE13: 21 | AF13: 22 | AG13: 37 | AH13: 24 | AI13: 25 | AJ13: 26 | AK13: 27 | AL13: 42 | AM13: 29 | AN13: 30 | AO13: 31 | AP13: 32
D14: 1 | E14: Baseball | G14: Boys | I14: Varsity | K14: 18 | M14: =SUM(K14:L14) -> 18 | Q14: Yes | S14: 1957 | Z14: 20 | AA14: =SUM(X14:Z14) -> 20 | AE14: 20 | AF14: =SUM(AC14:AE14) -> 20 | AI14: 1 | AK14: 1 | AM14: 0 | AN14: 0 | AO14: 0 | AP14: 0
D15: 2 | E15: Basketball | G15: Boys | I15: Varsity | K15: 9 | M15: =SUM(K15:L15) -> 9 | P15: Yes | S15: 1957 | Y15: 22 | AA15: =SUM(X15:Z15) -> 22 | AD15: 22 | AF15: =SUM(AC15:AE15) -> 22 | AI15: 1 | AK15: 1 | AM15: 0 | AN15: 0 | AO15: 0 | AP15: 0
D16: 3 | E16: Bowling | G16: Boys | I16: Varsity | K16: 16 | M16: =SUM(K16:L16) -> 16 | P16: Yes | S16: 2004 | Y16: 20 | AA16: =SUM(X16:Z16) -> 20 | AD16: 20 | AF16: =SUM(AC16:AE16) -> 20 | AI16: 1 | AM16: 0 | AN16: 0 | AO16: 0 | AP16: 0
D17: 4 | E17: Cross Country | G17: Boys | I17: Varsity | K17: 19 | M17: =SUM(K17:L17) -> 19 | O17: Yes | S17: 1964 | X17: 7 | AA17: =SUM(X17:Z17) -> 7 | AC17: 7 | AF17: =SUM(AC17:AE17) -> 7 | AI17: 1 | AK17: 1 | AM17: 0 | AN17: 0 | AO17: 0 | AP17: 0
D18: 5 | E18: Football | G18: Boys | I18: Varsity | K18: 27 | M18: =SUM(K18:L18) -> 27 | O18: Yes | S18: 1957 | X18: 10 | AA18: =SUM(X18:Z18) -> 10 | AC18: 10 | AF18: =SUM(AC18:AE18) -> 10 | AI18: 1 | AK18: 4 | AM18: 0 | AN18: 0 | AO18: 0 | AP18: 0
D19: 6 | E19: Golf | G19: Boys | I19: Varsity | K19: 10 | M19: =SUM(K19:L19) -> 10 | O19: Yes | S19: 1968 | X19: 6 | AA19: =SUM(X19:Z19) -> 6 | AC19: 6 | AF19: =SUM(AC19:AE19) -> 6 | AI19: 1 | AM19: 0 | AN19: 0 | AO19: 0 | AP19: 0
D20: 7 | E20: Lacrosse | G20: Boys | I20: Varsity | K20: 28 | M20: =SUM(K20:L20) -> 28 | Q20: Yes | S20: 2006 | Z20: 18 | AA20: =SUM(X20:Z20) -> 18 | AE20: 18 | AF20: =SUM(AC20:AE20) -> 18 | AI20: 1 | AK20: 1 | AM20: 0 | AN20: 0 | AO20: 0 | AP20: 0
D21: 8 | E21: Rifle | G21: Boys | I21: Varsity | K21: 14 | M21: =SUM(K21:L21) -> 14 | P21: Yes | S21: 1980 | Y21: 14 | AA21: =SUM(X21:Z21) -> 14 | AD21: 14 | AF21: =SUM(AC21:AE21) -> 14 | AI21: 1 | AM21: 0 | AN21: 0 | AO21: 0 | AP21: 0
D22: 9 | E22: Soccer | G22: Boys | I22: Varsity | K22: 20 | M22: =SUM(K22:L22) -> 20 | O22: Yes | S22: 1972 | X22: 17 | AA22: =SUM(X22:Z22) -> 17 | AC22: 17 | AF22: =SUM(AC22:AE22) -> 17 | AI22: 1 | AK22: 1 | AM22: 0 | AN22: 0 | AO22: 0 | AP22: 0
D23: 10 | E23: Swimming and Diving | G23: Boys | I23: Varsity | K23: 21 | M23: =SUM(K23:L23) -> 21 | P23: Yes | S23: 1988 | Y23: 11 | AA23: =SUM(X23:Z23) -> 11 | AD23: 11 | AF23: =SUM(AC23:AE23) -> 11 | AI23: 1 | AK23: 1 | AM23: 0 | AN23: 0 | AO23: 0 | AP23: 0
D24: 11 | E24: Tennis | G24: Boys | I24: Varsity | K24: 19 | M24: =SUM(K24:L24) -> 19 | Q24: Yes | S24: 1987 | Z24: 14 | AA24: =SUM(X24:Z24) -> 14 | AE24: 14 | AF24: =SUM(AC24:AE24) -> 14 | AI24: 1 | AM24: 0 | AN24: 0 | AO24: 0 | AP24: 0
D25: 12 | E25: Track & Field (Indoor) | G25: Boys | I25: Varsity | M25: =SUM(K25:L25) -> 0 | AA25: =SUM(X25:Z25) -> 0 | AF25: =SUM(AC25:AE25) -> 0 | AM25: 0 | AN25: 0 | AO25: 0 | AP25: 0
D26: 13 | E26: Track & Field (Outdoor) | G26: Boys | I26: Varsity | K26: 39 | M26: =SUM(K26:L26) -> 39 | Q26: Yes | S26: 1957 | AA26: =SUM(X26:Z26) -> 0 | AF26: =SUM(AC26:AE26) -> 0 | AM26: 0 | AN26: 0 | AO26: 0 | AP26: 0
D27: 14 | E27: Volleyball | G27: Boys | I27: Varsity | K27: 11 | M27: =SUM(K27:L27) -> 11 | Q27: Yes | S27: 1991 | Z27: 22 | AA27: =SUM(X27:Z27) -> 22 | AE27: 22 | AF27: =SUM(AC27:AE27) -> 22 | AI27: 1 | AM27: 0 | AN27: 0 | AO27: 0 | AP27: 0
D28: 15 | E28: Water Polo | G28: Boys | I28: Varsity | M28: =SUM(K28:L28) -> 0 | AA28: =SUM(X28:Z28) -> 0 | AF28: =SUM(AC28:AE28) -> 0 | AM28: 0 | AN28: 0 | AO28: 0 | AP28: 0
D29: 16 | E29: Wrestling | G29: Boys | I29: Varsity | K29: 19 | M29: =SUM(K29:L29) -> 19 | P29: Yes | S29: 1960 | AA29: =SUM(X29:Z29) -> 0 | AF29: =SUM(AC29:AE29) -> 0 | AI29: 1 | AK29: 1 | AM29: 0 | AN29: 0 | AO29: 0 | AP29: 0
D30: 17 | E30: Baseball | G30: Boys | I30: Jr Varsity | K30: 15 | M30: =SUM(K30:L30) -> 15 | Q30: Yes | S30: 1967 | Z30: 20 | AA30: =SUM(X30:Z30) -> 20 | AE30: 18 | AF30: =SUM(AC30:AE30) -> 18 | AI30: 1 | AK30: 1 | AM30: 0 | AN30: 0 | AO30: 0 | AP30: 0
D31: 18 | E31: Basketball | G31: Boys | I31: Jr Varsity | K31: 9 | M31: =SUM(K31:L31) -> 9 | P31: Yes | S31: 1957 | Y31: 22 | AA31: =SUM(X31:Z31) -> 22 | AD31: 22 | AF31: =SUM(AC31:AE31) -> 22 | AI31: 1 | AK31: 1 | AM31: 0 | AN31: 0 | AO31: 0 | AP31: 0
D32: 19 | E32: Bowling | G32: Boys | I32: Jr Varsity | M32: =SUM(K32:L32) -> 0 | AA32: =SUM(X32:Z32) -> 0 | AF32: =SUM(AC32:AE32) -> 0 | AM32: 0 | AN32: 0 | AO32: 0 | AP32: 0
D33: 20 | E33: Cross Country | G33: Boys | I33: Jr Varsity | M33: =SUM(K33:L33) -> 0 | AA33: =SUM(X33:Z33) -> 0 | AF33: =SUM(AC33:AE33) -> 0 | AM33: 0 | AN33: 0 | AO33: 0 | AP33: 0
D34: 21 | E34: Football | G34: Boys | I34: Jr Varsity | K34: 20 | M34: =SUM(K34:L34) -> 20 | O34: Yes | S34: 1957 | X34: 10 | AA34: =SUM(X34:Z34) -> 10 | AC34: 9 | AF34: =SUM(AC34:AE34) -> 9 | AI34: 1 | AK34: 4 | AM34: 0 | AN34: 0 | AO34: 0 | AP34: 0
D35: 22 | E35: Golf | G35: Boys | I35: Jr Varsity | M35: =SUM(K35:L35) -> 0 | AA35: =SUM(X35:Z35) -> 0 | AF35: =SUM(AC35:AE35) -> 0 | AM35: 0 | AN35: 0 | AO35: 0 | AP35: 0
D36: 23 | E36: Lacrosse | G36: Boys | I36: Jr Varsity | M36: =SUM(K36:L36) -> 0 | S36: 2006 | Z36: 18 | AA36: =SUM(X36:Z36) -> 18 | AE36: 0 | AF36: =SUM(AC36:AE36) -> 0 | AI36: 1 | AM36: 0 | AN36: 0 | AO36: 0 | AP36: 0
D37: 24 | E37: Rifle | G37: Boys | I37: Jr Varsity | M37: =SUM(K37:L37) -> 0 | AA37: =SUM(X37:Z37) -> 0 | AF37: =SUM(AC37:AE37) -> 0 | AM37: 0 | AN37: 0 | AO37: 0 | AP37: 0
D38: 25 | E38: Soccer | G38: Boys | I38: Jr Varsity | K38: 16 | M38: =SUM(K38:L38) -> 16 | O38: Yes | S38: 1972 | X38: 17 | AA38: =SUM(X38:Z38) -> 17 | AC38: 16 | AF38: =SUM(AC38:AE38) -> 16 | AI38: 1 | AM38: 0 | AN38: 0 | AO38: 0 | AP38: 0
D39: 26 | E39: Swimming and Diving | G39: Boys | I39: Jr Varsity | M39: =SUM(K39:L39) -> 0 | AA39: =SUM(X39:Z39) -> 0 | AF39: =SUM(AC39:AE39) -> 0 | AM39: 0 | AN39: 0 | AO39: 0 | AP39: 0
D40: 27 | E40: Tennis | G40: Boys | I40: Jr Varsity | M40: =SUM(K40:L40) -> 0 | AA40: =SUM(X40:Z40) -> 0 | AF40: =SUM(AC40:AE40) -> 0 | AM40: 0 | AN40: 0 | AO40: 0 | AP40: 0
D41: 28 | E41: Track & Field (Indoor) | G41: Boys | I41: Jr Varsity | M41: =SUM(K41:L41) -> 0 | AA41: =SUM(X41:Z41) -> 0 | AF41: =SUM(AC41:AE41) -> 0 | AM41: 0 | AN41: 0 | AO41: 0 | AP41: 0
D42: 29 | E42: Track & Field (Outdoor) | G42: Boys | I42: Jr Varsity | M42: =SUM(K42:L42) -> 0 | AA42: =SUM(X42:Z42) -> 0 | AF42: =SUM(AC42:AE42) -> 0 | AM42: 0 | AN42: 0 | AO42: 0 | AP42: 0
D43: 30 | E43: Volleyball | G43: Boys | I43: Jr Varsity | K43: 12 | M43: =SUM(K43:L43) -> 12 | Q43: Yes | S43: 1991 | AA43: =SUM(X43:Z43) -> 0 | AF43: =SUM(AC43:AE43) -> 0 | AI43: 1 | AM43: 0 | AN43: 0 | AO43: 0 | AP43: 0
D44: 31 | E44: Water Polo | G44: Boys | I44: Jr Varsity | M44: =SUM(K44:L44) -> 0 | AA44: =SUM(X44:Z44) -> 0 | AF44: =SUM(AC44:AE44) -> 0 | AM44: 0 | AN44: 0 | AO44: 0 | AP44: 0
D45: 32 | E45: Wrestling | G45: Boys | I45: Jr Varsity | M45: =SUM(K45:L45) -> 0 | AA45: =SUM(X45:Z45) -> 0 | AF45: =SUM(AC45:AE45) -> 0 | AM45: 0 | AN45: 0 | AO45: 0 | AP45: 0
D46: 33 | E46: Baseball | G46: Boys | I46: Freshman | M46: =SUM(K46:L46) -> 0 | AA46: =SUM(X46:Z46) -> 0 | AF46: =SUM(AC46:AE46) -> 0 | AM46: 0 | AN46: 0 | AO46: 0 | AP46: 0
D47: 34 | E47: Basketball | G47: Boys | I47: Freshman | M47: =SUM(K47:L47) -> 0 | AA47: =SUM(X47:Z47) -> 0 | AF47: =SUM(AC47:AE47) -> 0 | AM47: 0 | AN47: 0 | AO47: 0 | AP47: 0
D48: 35 | E48: Bowling | G48: Boys | I48: Freshman | M48: =SUM(K48:L48) -> 0 | AA48: =SUM(X48:Z48) -> 0 | AF48: =SUM(AC48:AE48) -> 0 | AM48: 0 | AN48: 0 | AO48: 0 | AP48: 0
D49: 36 | E49: Cross Country | G49: Boys | I49: Freshman | M49: =SUM(K49:L49) -> 0 | AA49: =SUM(X49:Z49) -> 0 | AF49: =SUM(AC49:AE49) -> 0 | AM49: 0 | AN49: 0 | AO49: 0 | AP49: 0
D50: 37 | E50: Football | G50: Boys | I50: Freshman | M50: =SUM(K50:L50) -> 0 | AA50: =SUM(X50:Z50) -> 0 | AF50: =SUM(AC50:AE50) -> 0 | AM50: 0 | AN50: 0 | AO50: 0 | AP50: 0
D51: 38 | E51: Golf | G51: Boys | I51: Freshman | M51: =SUM(K51:L51) -> 0 | AA51: =SUM(X51:Z51) -> 0 | AF51: =SUM(AC51:AE51) -> 0 | AM51: 0 | AN51: 0 | AO51: 0 | AP51: 0
D52: 39 | E52: Lacrosse | G52: Boys | I52: Freshman | M52: =SUM(K52:L52) -> 0 | AA52: =SUM(X52:Z52) -> 0 | AF52: =SUM(AC52:AE52) -> 0 | AM52: 0 | AN52: 0 | AO52: 0 | AP52: 0
D53: 40 | E53: Rifle | G53: Boys | I53: Freshman | M53: =SUM(K53:L53) -> 0 | AA53: =SUM(X53:Z53) -> 0 | AF53: =SUM(AC53:AE53) -> 0 | AM53: 0 | AN53: 0 | AO53: 0 | AP53: 0
D54: 41 | E54: Soccer | G54: Boys | I54: Freshman | M54: =SUM(K54:L54) -> 0 | AA54: =SUM(X54:Z54) -> 0 | AF54: =SUM(AC54:AE54) -> 0 | AM54: 0 | AN54: 0 | AO54: 0 | AP54: 0
D55: 42 | E55: Swimming and Diving | G55: Boys | I55: Freshman | M55: =SUM(K55:L55) -> 0 | AA55: =SUM(X55:Z55) -> 0 | AF55: =SUM(AC55:AE55) -> 0 | AM55: 0 | AN55: 0 | AO55: 0 | AP55: 0
... D93: 80 | E93: Wrestling | G93: Boys | I93: 7th Grade | M93: =SUM(K93:L93) -> 0 | AA93: =SUM(X93:Z93) -> 0 | AF93: =SUM(AC93:AE93) -> 0 | AM93: 0 | AN93: 0 | AO93: 0 | AP93: 0
D94: 81 | E94: Basketball | G94: Girls | I94: Varsity | L94: 9 | M94: =SUM(K94:L94) -> 9 | P94: Yes | S94: 1971 | Y94: 22 | AA94: =SUM(X94:Z94) -> 22 | AD94: 22 | AF94: =SUM(AC94:AE94) -> 22 | AI94: 1 | AK94: 1 | AM94: 0 | AN94: 0 | AO94: 0 | AP94: 0
D95: 82 | E95: Bowling | G95: Girls | I95: Varsity | L95: 11 | M95: =SUM(K95:L95) -> 11 | P95: Yes | S95: 2004 | Y95: 20 | AA95: =SUM(X95:Z95) -> 20 | AD95: 20 | AF95: =SUM(AC95:AE95) -> 20 | AI95: 1 | AM95: 0 | AN95: 0 | AO95: 0 | AP95: 0
D96: 83 | E96: Competitive Spirit | G96: Girls | I96: Varsity | L96: 15 | M96: =SUM(K96:L96) -> 15 | P96: Yes | AA96: =SUM(X96:Z96) -> 0 | AF96: =SUM(AC96:AE96) -> 0 | AI96: 1 | AK96: 1 | AM96: 0 | AN96: 0 | AO96: 0 | AP96: 0
D97: 84 | E97: Cross Country | G97: Girls | I97: Varsity | L97: 20 | M97: =SUM(K97:L97) -> 20 | O97: Yes | S97: 1981 | X97: 7 | AA97: =SUM(X97:Z97) -> 7 | AC97: 7 | AF97: =SUM(AC97:AE97) -> 7 | AI97: 1 | AK97: 1 | AM97: 0 | AN97: 0 | AO97: 0 | AP97: 0
D98: 85 | E98: Field Hockey | G98: Girls | I98: Varsity | L98: 12 | M98: =SUM(K98:L98) -> 12 | O98: Yes | S98: 1957 | X98: 18 | AA98: =SUM(X98:Z98) -> 18 | AC98: 18 | AF98: =SUM(AC98:AE98) -> 18 | AI98: 1 | AK98: 1 | AM98: 0 | AN98: 0 | AO98: 0 | AP98: 0
D99: 86 | E99: Golf | G99: Girls | I99: Varsity | L99: 1 | M99: =SUM(K99:L99) -> 1 | O99: Yes | X99: 6 | AA99: =SUM(X99:Z99) -> 6 | AC99: 6 | AF99: =SUM(AC99:AE99) -> 6 | AI99: 1 | AM99: 0 | AN99: 0 | AO99: 0 | AP99: 0
D100: 87 | E100: Gymnastics | G100: Girls | I100: Varsity | M100: =SUM(K100:L100) -> 0 | AA100: =SUM(X100:Z100) -> 0 | AF100: =SUM(AC100:AE100) -> 0 | AM100: 0 | AN100: 0 | AO100: 0 | AP100: 0
D101: 88 | E101: Lacrosse | G101: Girls | I101: Varsity | L101: 18 | M101: =SUM(K101:L101) -> 18 | Q101: Yes | S101: 2013 | Z101: 18 | AA101: =SUM(X101:Z101) -> 18 | AF101: =SUM(AC101:AE101) -> 0 | AI101: 1 | AK101: 1 | AM101: 0 | AN101: 0 | AO101: 0 | AP101: 0
D102: 89 | E102: Rifle | G102: Girls | I102: Varsity | L102: 10 | M102: =SUM(K102:L102) -> 10 | P102: Yes | S102: 1980 | Y102: 14 | AA102: =SUM(X102:Z102) -> 14 | AD102: 14 | AF102: =SUM(AC102:AE102) -> 14 | AI102: 1 | AM102: 0 | AN102: 0 | AO102: 0 | AP102: 0
D103: 90 | E103: Soccer | G103: Girls | I103: Varsity | L103: 18 | M103: =SUM(K103:L103) -> 18 | O103: Yes | S103: 1981 | X103: 17 | AA103: =SUM(X103:Z103) -> 17 | AF103: =SUM(AC103:AE103) -> 0 | AI103: 1 | AK103: 1 | AM103: 0 | AN103: 0 | AO103: 0 | AP103: 0
D104: 91 | E104: Softball, Fast Pitch | G104: Girls | I104: Varsity | L104: 12 | M104: =SUM(K104:L104) -> 12 | Q104: Yes | S104: 1978 | Z104: 20 | AA104: =SUM(X104:Z104) -> 20 | AE104: 20 | AF104: =SUM(AC104:AE104) -> 20 | AI104: 1 | AK104: 1 | AM104: 0 | AN104: 0 | AO104: 0 | AP104: 0
D105: 92 | E105: Swimming and Diving | G105: Girls | I105: Varsity | L105: 25 | M105: =SUM(K105:L105) -> 25 | P105: Yes | S105: 1988 | Y105: 11 | AA105: =SUM(X105:Z105) -> 11 | AD105: 11 | AF105: =SUM(AC105:AE105) -> 11 | AI105: 1 | AK105: 1 | AM105: 0 | AN105: 0 | AO105: 0 | AP105: 0
D106: 93 | E106: Tennis | G106: Girls | I106: Varsity | L106: 25 | M106: =SUM(K106:L106) -> 25 | O106: Yes | S106: 1957 | X106: 12 | AA106: =SUM(X106:Z106) -> 12 | AC106: 12 | AF106: =SUM(AC106:AE106) -> 12 | AI106: 1 | AM106: 0 | AN106: 0 | AO106: 0 | AP106: 0
D107: 94 | E107: Track & Field (Indoor) | G107: Girls | I107: Varsity | M107: =SUM(K107:L107) -> 0 | AA107: =SUM(X107:Z107) -> 0 | AF107: =SUM(AC107:AE107) -> 0 | AM107: 0 | AN107: 0 | AO107: 0 | AP107: 0
D108: 95 | E108: Track & Field (Outdoor) | G108: Girls | I108: Varsity | L108: 46 | M108: =SUM(K108:L108) -> 46 | Q108: Yes | S108: 1967 | AA108: =SUM(X108:Z108) -> 0 | AF108: =SUM(AC108:AE108) -> 0 | AM108: 0 | AN108: 0 | AO108: 0 | AP108: 0
D109: 96 | E109: Volleyball | G109: Girls | I109: Varsity | L109: 11 | M109: =SUM(K109:L109) -> 11 | O109: Yes | S109: 1988 | X109: 18 | AA109: =SUM(X109:Z109) -> 18 | AC109: 18 | AF109: =SUM(AC109:AE109) -> 18 | AI109: 1 | AM109: 0 | AN109: 0 | AO109: 0 | AP109: 0
D110: 97 | E110: Water Polo | G110: Girls | I110: Varsity | M110: =SUM(K110:L110) -> 0 | AA110: =SUM(X110:Z110) -> 0 | AF110: =SUM(AC110:AE110) -> 0 | AM110: 0 | AN110: 0 | AO110: 0 | AP110: 0
D111: 98 | E111: Basketball | G111: Girls | I111: Jr Varsity | L111: 9 | M111: =SUM(K111:L111) -> 9 | P111: Yes | S111: 1971 | Y111: 22 | AA111: =SUM(X111:Z111) -> 22 | AD111: 21 | AF111: =SUM(AC111:AE111) -> 21 | AI111: 1 | AM111: 0 | AN111: 0 | AO111: 0 | AP111: 0
D112: 99 | E112: Bowling | G112: Girls | I112: Jr Varsity | M112: =SUM(K112:L112) -> 0 | AA112: =SUM(X112:Z112) -> 0 | AF112: =SUM(AC112:AE112) -> 0 | AM112: 0 | AN112: 0 | AO112: 0 | AP112: 0
D113: 100 | E113: Competitive Spirit | G113: Girls | I113: Jr Varsity | M113: =SUM(K113:L113) -> 0 | AA113: =SUM(X113:Z113) -> 0 | AF113: =SUM(AC113:AE113) -> 0 | AM113: 0 | AN113: 0 | AO113: 0 | AP113: 0
D114: 101 | E114: Cross Country | G114: Girls | I114: Jr Varsity | M114: =SUM(K114:L114) -> 0 | AA114: =SUM(X114:Z114) -> 0 | AF114: =SUM(AC114:AE114) -> 0 | AM114: 0 | AN114: 0 | AO114: 0 | AP114: 0
D115: 102 | E115: Field Hockey | G115: Girls | I115: Jr Varsity | L115: 11 | M115: =SUM(K115:L115) -> 11 | O115: Yes | S115: 1957 | X115: 18 | AA115: =SUM(X115:Z115) -> 18 | AC115: 16 | AF115: =SUM(AC115:AE115) -> 16 | AI115: 1 | AM115: 0 | AN115: 0 | AO115: 0 | AP115: 0
D116: 103 | E116: Golf | G116: Girls | I116: Jr Varsity | M116: =SUM(K116:L116) -> 0 | AA116: =SUM(X116:Z116) -> 0 | AF116: =SUM(AC116:AE116) -> 0 | AM116: 0 | AN116: 0 | AO116: 0 | AP116: 0
D117: 104 | E117: Gymnastics | G117: Girls | I117: Jr Varsity | M117: =SUM(K117:L117) -> 0 | AA117: =SUM(X117:Z117) -> 0 | AF117: =SUM(AC117:AE117) -> 0 | AM117: 0 | AN117: 0 | AO117: 0 | AP117: 0
D118: 105 | E118: Lacrosse | G118: Girls | I118: Jr Varsity | L118: 18 | M118: =SUM(K118:L118) -> 18 | Q118: Yes | S118: 2013 | Z118: 18 | AA118: =SUM(X118:Z118) -> 18 | AF118: =SUM(AC118:AE118) -> 0 | AI118: 1 | AM118: 0 | AN118: 0 | AO118: 0 | AP118: 0
D119: 106 | E119: Rifle | G119: Girls | I119: Jr Varsity | M119: =SUM(K119:L119) -> 0 | AA119: =SUM(X119:Z119) -> 0 | AF119: =SUM(AC119:AE119) -> 0 | AM119: 0 | AN119: 0 | AO119: 0 | AP119: 0
D120: 107 | E120: Soccer | G120: Girls | I120: Jr Varsity | L120: 18 | M120: =SUM(K120:L120) -> 18 | O120: Yes | S120: 1991 | X120: 17 | AA120: =SUM(X120:Z120) -> 17 | AC120: 13 | AF120: =SUM(AC120:AE120) -> 13 | AI120: 1 | AK120: 1 | AM120: 0 | AN120: 0 | AO120: 0 | AP120: 0
D121: 108 | E121: Softball, Fast Pitch | G121: Girls | I121: Jr Varsity | L121: 13 | M121: =SUM(K121:L121) -> 13 | Q121: Yes | S121: 1991 | Z121: 20 | AA121: =SUM(X121:Z121) -> 20 | AE121: 13 | AF121: =SUM(AC121:AE121) -> 13 | AM121: 0 | AN121: 0 | AO121: 0 | AP121: 0
D122: 109 | E122: Swimming and Diving | G122: Girls | I122: Jr Varsity | M122: =SUM(K122:L122) -> 0 | AA122: =SUM(X122:Z122) -> 0 | AF122: =SUM(AC122:AE122) -> 0 | AM122: 0 | AN122: 0 | AO122: 0 | AP122: 0
D123: 110 | E123: Tennis | G123: Girls | I123: Jr Varsity | M123: =SUM(K123:L123) -> 0 | AA123: =SUM(X123:Z123) -> 0 | AF123: =SUM(AC123:AE123) -> 0 | AM123: 0 | AN123: 0 | AO123: 0 | AP123: 0
D124: 111 | E124: Track & Field (Indoor) | G124: Girls | I124: Jr Varsity | M124: =SUM(K124:L124) -> 0 | AA124: =SUM(X124:Z124) -> 0 | AF124: =SUM(AC124:AE124) -> 0 | AM124: 0 | AN124: 0 | AO124: 0 | AP124: 0
D125: 112 | E125: Track & Field (Outdoor) | G125: Girls | I125: Jr Varsity | M125: =SUM(K125:L125) -> 0 | AA125: =SUM(X125:Z125) -> 0 | AF125: =SUM(AC125:AE125) -> 0 | AM125: 0 | AN125: 0 | AO125: 0 | AP125: 0
D126: 113 | E126: Volleyball | G126: Girls | I126: Jr Varsity | L126: 10 | M126: =SUM(K126:L126) -> 10 | O126: Yes | S126: 1988 | X126: 18 | AA126: =SUM(X126:Z126) -> 18 | AC126: 18 | AF126: =SUM(AC126:AE126) -> 18 | AI126: 1 | AM126: 0 | AN126: 0 | AO126: 0 | AP126: 0
D127: 114 | E127: Water Polo | G127: Girls | I127: Jr Varsity | M127: =SUM(K127:L127) -> 0 | AA127: =SUM(X127:Z127) -> 0 | AF127: =SUM(AC127:AE127) -> 0 | AM127: 0 | AN127: 0 | AO127: 0 | AP127: 0
D128: 115 | E128: Basketball | G128: Girls | I128: Freshman | M128: =SUM(K128:L128) -> 0 | AA128: =SUM(X128:Z128) -> 0 | AF128: =SUM(AC128:AE128) -> 0 | AM128: 0 | AN128: 0 | AO128: 0 | AP128: 0
D129: 116 | E129: Bowling | G129: Girls | I129: Freshman | M129: =SUM(K129:L129) -> 0 | AA129: =SUM(X129:Z129) -> 0 | AF129: =SUM(AC129:AE129) -> 0 | AM129: 0 | AN129: 0 | AO129: 0 | AP129: 0
D130: 117 | E130: Competitive Spirit | G130: Girls | I130: Freshman | M130: =SUM(K130:L130) -> 0 | AA130: =SUM(X130:Z130) -> 0 | AF130: =SUM(AC130:AE130) -> 0 | AM130: 0 | AN130: 0 | AO130: 0 | AP130: 0
D131: 118 | E131: Cross Country | G131: Girls | I131: Freshman | M131: =SUM(K131:L131) -> 0 | AA131: =SUM(X131:Z131) -> 0 | AF131: =SUM(AC131:AE131) -> 0 | AM131: 0 | AN131: 0 | AO131: 0 | AP131: 0
D132: 119 | E132: Field Hockey | G132: Girls | I132: Freshman | M132: =SUM(K132:L132) -> 0 | AA132: =SUM(X132:Z132) -> 0 | AF132: =SUM(AC132:AE132) -> 0 | AM132: 0 | AN132: 0 | AO132: 0 | AP132: 0
D133: 120 | E133: Golf | G133: Girls | I133: Freshman | M133: =SUM(K133:L133) -> 0 | AA133: =SUM(X133:Z133) -> 0 | AF133: =SUM(AC133:AE133) -> 0 | AM133: 0 | AN133: 0 | AO133: 0 | AP133: 0
D134: 121 | E134: Gymnastics | G134: Girls | I134: Freshman | M134: =SUM(K134:L134) -> 0 | AA134: =SUM(X134:Z134) -> 0 | AF134: =SUM(AC134:AE134) -> 0 | AM134: 0 | AN134: 0 | AO134: 0 | AP134: 0
D135: 122 | E135: Lacrosse | G135: Girls | I135: Freshman | M135: =SUM(K135:L135) -> 0 | AA135: =SUM(X135:Z135) -> 0 | AF135: =SUM(AC135:AE135) -> 0 | AM135: 0 | AN135: 0 | AO135: 0 | AP135: 0
D136: 123 | E136: Rifle | G136: Girls | I136: Freshman | M136: =SUM(K136:L136) -> 0 | AA136: =SUM(X136:Z136) -> 0 | AF136: =SUM(AC136:AE136) -> 0 | AM136: 0 | AN136: 0 | AO136: 0 | AP136: 0
D137: 124 | E137: Soccer | G137: Girls | I137: Freshman | M137: =SUM(K137:L137) -> 0 | AA137: =SUM(X137:Z137) -> 0 | AF137: =SUM(AC137:AE137) -> 0 | AM137: 0 | AN137: 0 | AO137: 0 | AP137: 0
D138: 125 | E138: Softball, Fast Pitch | G138: Girls | I138: Freshman | M138: =SUM(K138:L138) -> 0 | AA138: =SUM(X138:Z138) -> 0 | AF138: =SUM(AC138:AE138) -> 0 | AM138: 0 | AN138: 0 | AO138: 0 | AP138: 0
... D178: 165 | E178: Water Polo | G178: Girls | I178: 7th Grade | M178: =SUM(K178:L178) -> 0 | AA178: =SUM(X178:Z178) -> 0 | AF178: =SUM(AC178:AE178) -> 0 | AM178: 0 | AN178: 0 | AO178: 0 | AP178: 0
D179: 166 | E179: Enter Additional Team(s) Below:
D180: 167 | M180: =SUM(K180:L180) -> 0 | AA180: =SUM(X180:Z180) -> 0 | AF180: =SUM(AC180:AE180) -> 0 | AM180: 0 | AN180: 0 | AO180: 0 | AP180: 0
D181: 168 | M181: =SUM(K181:L181) -> 0 | AA181: =SUM(X181:Z181) -> 0 | AF181: =SUM(AC181:AE181) -> 0 | AM181: 0 | AN181: 0 | AO181: 0 | AP181: 0
...

Sheet Page 3 - Financial Information
E4: ='Page 1 - General Information'!E4 -> INTERSCHOLASTIC ATHLETIC OPPORTUNITIES DISCLOSURE FORM 22.1
E5: ='Page 1 - General Information'!E5 -> 2021 - 2022 School Year
E7: =IF('Page 1 - General Information'!G14="[Make Selection From Drop-Down List ]","",("School: "&'Page 1 - General Information'!G14&" - "&'Page 1 - General Information'!G16)) -> School: Elizabethtown Area SHS - 2562 | O7: Page 3 - Section 1: Financial Information | W7: =IF('Page 1 - General Information'!G10=" [Make Selection From Drop-Down List ]","",("LEA: "&'Page 1 - General Information'!G10&" - "&'Page 1 - General Information'!G12)) -> LEA: Elizabethtown Area SD - 113362403
E9: ATHLETIC EXPENDITURES
E10: Team | G10: Boys/Girls | I10: Level | K10: Total Annual School Team Expenditures | M10: SCHOOL'S ANNUAL EXPENDITURES FOR EACH TEAM | W10: NON-SCHOOL (BOOSTER CLUBS, ALUMNI & OTHER NON-SCHOOL) CONTRIBUTIONS & PURCHASES
M11: Travel 1 | N11: Uniforms 2 | O11: Supplies and Equipment 3 | P11: Facilities 4 | Q11: Other | R11: Coaching Staff Compensation per Sport per Season | U11: Total Compensation For All Athletic Trainers Per Academic Year | W11: List total value of contributions per team | X11: List total value of purchases per team
R13: Fall | S13: Winter | T13: Spring | U13: 0
K14: Totals | M14: =SUM(M16:M186) -> 66606.98 | N14: =SUM(N16:N186) -> 26013.85 | O14: =SUM(O16:O186) -> 27702.82 | P14: =SUM(P16:P186) -> 0 | Q14: =SUM(Q16:Q186) -> 67092.9 | R14: =SUM(R16:R186) -> 139644.15 | S14: =SUM(S16:S186) -> 110547.1 | T14: =SUM(T16:T186) -> 103054.89 | W14: =SUM(W16:W186) -> 200683.49 | X14: =SUM(X16:X186) -> 218328.19
K15: 1 | L15: 2 | M15: 3 | N15: 4 | O15: 5 | P15: 6 | Q15: 7 | R15: 8 | S15: 9 | T15: 10 | U15: 11 | V15: 12 | W15: 13 | X15: 14
D16: 1 | E16: Baseball | G16: Boys | I16: Varsity | K16: =SUM(M16:T16) -> 21358.89 | M16: 5228.87 | N16: 1435 | O16: 2828.72 | Q16: 2231 | T16: 9635.3 | W16: 2808.5 | X16: 357.04
D17: 2 | E17: Basketball | G17: Boys | I17: Varsity | K17: =SUM(M17:T17) -> 41363.26 | O17: 519.45 | Q17: 6794.9 | S17: 34048.91 | W17: 3815.13 | X17: 4045.64
D18: 3 | E18: Bowling | G18: Boys | I18: Varsity | K18: =SUM(M18:T18) -> 7883.64 | M18: 2127.58 | O18: 241.66 | Q18: 2426.67 | S18: 3087.73 | W18: 8306.18 | X18: 7636.35
D19: 4 | E19: Cross Country | G19: Boys | I19: Varsity | K19: =SUM(M19:T19) -> 4747.08 | M19: 942.24 | O19: 143.84 | Q19: 403.87 | R19: 3257.13 | W19: 1333.61 | X19: 1616.53
D20: 5 | E20: Football | G20: Boys | I20: Varsity | K20: =SUM(M20:T20) -> 71032.24 | M20: 3200.14 | N20: 3663.4 | O20: 5296.6 | Q20: 11988.5 | R20: 46883.6 | W20: 52677.16 | X20: 80348.8
D21: 6 | E21: Golf | G21: Boys | I21: Varsity | K21: =SUM(M21:T21) -> 8928.78 | M21: 604.01 | N21: 245.45 | O21: 306.35 | Q21: 1263.64 | R21: 6509.33 | W21: 859.68 | X21: 834.35
D22: 7 | E22: Lacrosse | G22: Boys | I22: Varsity | K22: =SUM(M22:T22) -> 10337.23 | M22: 2783.86 | Q22: 2565 | T22: 4988.37 | W22: 5294.47 | X22: 4947.63
D23: 8 | E23: Rifle | G23: Boys | I23: Varsity | K23: =SUM(M23:T23) -> 5508.34 | M23: 1112.07 | O23: 1494.8 | Q23: 46.67 | S23: 2854.8 | W23: 499.31 | X23: 494.46
D24: 9 | E24: Soccer | G24: Boys | I24: Varsity | K24: =SUM(M24:T24) -> 27526.36 | M24: 1798.54 | O24: 805.6 | Q24: 1691 | R24: 23231.22 | W24: 12631.35 | X24: 11649.76
D25: 10 | E25: Swimming and Diving | G25: Boys | I25: Varsity | K25: =SUM(M25:T25) -> 8196.96 | M25: 1123.75 | N25: 1136.74 | Q25: 786.13 | S25: 5150.34 | W25: 1606.93 | X25: 2012.35
D26: 11 | E26: Tennis | G26: Boys | I26: Varsity | K26: =SUM(M26:T26) -> 6185.19 | M26: 1655.14 | O26: 365.67 | Q26: 25 | T26: 4139.38 | W26: 477.97 | X26: 416.4
D27: 12 | E27: Track & Field (Indoor) | G27: Boys | I27: Varsity | K27: =SUM(M27:T27) -> 0 | W27: 0 | X27: 0
D28: 13 | E28: Track & Field (Outdoor) | G28: Boys | I28: Varsity | K28: =SUM(M28:T28) -> 17312.17 | M28: 1605.99 | N28: 98.19 | O28: 1982.59 | Q28: 718.98 | T28: 12906.42 | W28: 6209.48 | X28: 4561.5
D29: 14 | E29: Volleyball | G29: Boys | I29: Varsity | K29: =SUM(M29:T29) -> 13958.49 | M29: 1766.57 | N29: 5440 | O29: 585.67 | Q29: 1631.5 | T29: 4534.75 | W29: 3115.32 | X29: 3972.14
D30: 15 | E30: Water Polo | G30: Boys | I30: Varsity | K30: =SUM(M30:T30) -> 0 | W30: 0 | X30: 0
D31: 16 | E31: Wrestling | G31: Boys | I31: Varsity | K31: =SUM(M31:T31) -> 19108.7 | M31: 1904.98 | O31: 256.6 | Q31: 484 | S31: 16463.12 | W31: 10819.97 | X31: 8634.29
D32: 17 | E32: Baseball | G32: Boys | I32: Jr Varsity | K32: =SUM(M32:T32) -> 4550.11 | M32: 2037.03 | Q32: 1738 | T32: 775.08 | W32: 0 | X32: 0
D33: 18 | E33: Basketball | G33: Boys | I33: Jr Varsity | K33: =SUM(M33:T33) -> 4862.77 | M33: 1272.76 | Q33: 1869 | S33: 1721.01 | W33: 0 | X33: 0
D34: 19 | E34: Bowling | G34: Boys | I34: Jr Varsity | K34: =SUM(M34:T34) -> 0 | W34: 0 | X34: 0
D35: 20 | E35: Cross Country | G35: Boys | I35: Jr Varsity | K35: =SUM(M35:T35) -> 0 | W35: 0 | X35: 0
D36: 21 | E36: Football | G36: Boys | I36: Jr Varsity | K36: =SUM(M36:T36) -> 2440.47 | M36: 925.47 | Q36: 1515 | W36: 0 | X36: 0
D37: 22 | E37: Golf | G37: Boys | I37: Jr Varsity | K37: =SUM(M37:T37) -> 0 | W37: 0 | X37: 0
D38: 23 | E38: Lacrosse | G38: Boys | I38: Jr Varsity | K38: =SUM(M38:T38) -> 0 | W38: 0 | X38: 0
D39: 24 | E39: Rifle | G39: Boys | I39: Jr Varsity | K39: =SUM(M39:T39) -> 0 | W39: 0 | X39: 0
D40: 25 | E40: Soccer | G40: Boys | I40: Jr Varsity | K40: =SUM(M40:T40) -> 2146.12 | M40: 721.5 | Q40: 1168 | R40: 256.62 | W40: 0 | X40: 0
D41: 26 | E41: Swimming and Diving | G41: Boys | I41: Jr Varsity | K41: =SUM(M41:T41) -> 0 | W41: 0 | X41: 0
D42: 27 | E42: Tennis | G42: Boys | I42: Jr Varsity | K42: =SUM(M42:T42) -> 0 | W42: 0 | X42: 0
D43: 28 | E43: Track & Field (Indoor) | G43: Boys | I43: Jr Varsity | K43: =SUM(M43:T43) -> 0 | W43: 0 | X43: 0
D44: 29 | E44: Track & Field (Outdoor) | G44: Boys | I44: Jr Varsity | K44: =SUM(M44:T44) -> 0 | W44: 0 | X44: 0
D45: 30 | E45: Volleyball | G45: Boys | I45: Jr Varsity | K45: =SUM(M45:T45) -> 5518.73 | M45: 2139.93 | Q45: 1246 | T45: 2132.8 | W45: 0 | X45: 0
D46: 31 | E46: Water Polo | G46: Boys | I46: Jr Varsity | K46: =SUM(M46:T46) -> 0 | W46: 0 | X46: 0
D47: 32 | E47: Wrestling | G47: Boys | I47: Jr Varsity | K47: =SUM(M47:T47) -> 0 | W47: 0 | X47: 0
D48: 33 | E48: Baseball | G48: Boys | I48: Freshman | K48: =SUM(M48:T48) -> 0 | W48: 0 | X48: 0
D49: 34 | E49: Basketball | G49: Boys | I49: Freshman | K49: =SUM(M49:T49) -> 0 | W49: 0 | X49: 0
D50: 35 | E50: Bowling | G50: Boys | I50: Freshman | K50: =SUM(M50:T50) -> 0 | W50: 0 | X50: 0
D51: 36 | E51: Cross Country | G51: Boys | I51: Freshman | K51: =SUM(M51:T51) -> 0 | W51: 0 | X51: 0
D52: 37 | E52: Football | G52: Boys | I52: Freshman | K52: =SUM(M52:T52) -> 0 | W52: 0 | X52: 0
D53: 38 | E53: Golf | G53: Boys | I53: Freshman | K53: =SUM(M53:T53) -> 0 | W53: 0 | X53: 0
D54: 39 | E54: Lacrosse | G54: Boys | I54: Freshman | K54: =SUM(M54:T54) -> 0 | W54: 0 | X54: 0
D55: 40 | E55: Rifle | G55: Boys | I55: Freshman | K55: =SUM(M55:T55) -> 0 | W55: 0 | X55: 0
D56: 41 | E56: Soccer | G56: Boys | I56: Freshman | K56: =SUM(M56:T56) -> 0 | W56: 0 | X56: 0
D57: 42 | E57: Swimming and Diving | G57: Boys | I57: Freshman | K57: =SUM(M57:T57) -> 0 | W57: 0 | X57: 0
... D95: 80 | E95: Wrestling | G95: Boys | I95: 7th Grade | K95: =SUM(M95:T95) -> 0 | W95: 0 | X95: 0
D96: 81 | E96: Basketball | G96: Girls | I96: Varsity | K96: =SUM(M96:T96) -> 23432.46 | M96: 2222.23 | O96: 220.66 | Q96: 3087 | S96: 17902.57 | W96: 2332.13 | X96: 1249.06
D97: 82 | E97: Bowling | G97: Girls | I97: Varsity | K97: =SUM(M97:T97) -> 5419.99 | M97: 1462.71 | O97: 166.14 | Q97: 1668.33 | S97: 2122.81 | W97: 8306.18 | X97: 7636.35
D98: 83 | E98: Competitive Spirit | G98: Girls | I98: Varsity | K98: =SUM(M98:T98) -> 18905.36 | M98: 1343.37 | N98: 91.45 | O98: 1234.9 | Q98: 478 | S98: 15757.64 | W98: 26288.06 | X98: 29657.29
D99: 84 | E99: Cross Country | G99: Girls | I99: Varsity | K99: =SUM(M99:T99) -> 4996.93 | M99: 991.83 | O99: 151.42 | Q99: 425.13 | R99: 3428.55 | W99: 1333.61 | X99: 1616.53
D100: 85 | E100: Field Hockey | G100: Girls | I100: Varsity | K100: =SUM(M100:T100) -> 25462.9 | M100: 1566.85 | N100: 6465 | O100: 2795.26 | Q100: 1740 | R100: 12895.79 | W100: 26087.17 | X100: 19126.47
D101: 86 | E101: Golf | G101: Girls | I101: Varsity | K101: =SUM(M101:T101) -> 892.87 | M101: 60.4 | N101: 24.55 | O101: 30.63 | Q101: 126.36 | R101: 650.93 | W101: 859.68 | X101: 834.35
D102: 87 | E102: Gymnastics | G102: Girls | I102: Varsity | K102: =SUM(M102:T102) -> 0 | W102: 0 | X102: 0
D103: 88 | E103: Lacrosse | G103: Girls | I103: Varsity | K103: =SUM(M103:T103) -> 30187.89 | M103: 2148.36 | O103: 624.74 | Q103: 2405 | T103: 25009.79 | W103: 802.97 | X103: 0
D104: 89 | E104: Rifle | G104: Girls | I104: Varsity | K104: =SUM(M104:T104) -> 3934.53 | M104: 794.33 | O104: 1067.72 | Q104: 33.33 | S104: 2039.15 | W104: 499.31 | X104: 494.46
D105: 90 | E105: Soccer | G105: Girls | I105: Varsity | K105: =SUM(M105:T105) -> 28649.43 | M105: 1264.12 | O105: 1621.65 | Q105: 2231 | R105: 23532.66 | W105: 8445.22 | X105: 9650
D106: 91 | E106: Softball, Fast Pitch | G106: Girls | I106: Varsity | K106: =SUM(M106:T106) -> 30260.63 | M106: 3411.6 | N106: 300 | O106: 1578.01 | Q106: 1691 | T106: 23280.02 | W106: 302.5 | X106: 906.66
D107: 92 | E107: Swimming and Diving | G107: Girls | I107: Varsity | K107: =SUM(M107:T107) -> 9758.28 | M107: 1337.8 | N107: 1353.26 | Q107: 935.87 | S107: 6131.35 | W107: 1606.93 | X107: 2012.35
D108: 93 | E108: Tennis | G108: Girls | I108: Varsity | K108: =SUM(M108:T108) -> 5114.85 | M108: 825.47 | Q108: 150 | R108: 4139.38 | W108: 818.11 | X108: 1352.61
D109: 94 | E109: Track & Field (Indoor) | G109: Girls | I109: Varsity | K109: =SUM(M109:T109) -> 0 | W109: 0 | X109: 0
D110: 95 | E110: Track & Field (Outdoor) | G110: Girls | I110: Varsity | K110: =SUM(M110:T110) -> 20419.47 | M110: 1894.25 | N110: 115.81 | O110: 2338.43 | Q110: 848.02 | T110: 15222.96 | W110: 6209.48 | X110: 4567.5
D111: 96 | E111: Volleyball | G111: Girls | I111: Varsity | K111: =SUM(M111:T111) -> 28634.09 | M111: 6754.75 | N111: 5645 | O111: 1045.71 | Q111: 2332 | R111: 12856.63 | W111: 6337.08 | X111: 7697.32
D112: 97 | E112: Water Polo | G112: Girls | I112: Varsity | K112: =SUM(M112:T112) -> 0 | W112: 0 | X112: 0
D113: 98 | E113: Basketball | G113: Girls | I113: Jr Varsity | K113: =SUM(M113:T113) -> 6665.17 | M113: 2017.5 | Q113: 1380 | S113: 3267.67 | W113: 0 | X113: 0
D114: 99 | E114: Bowling | G114: Girls | I114: Jr Varsity | K114: =SUM(M114:T114) -> 0 | W114: 0 | X114: 0
D115: 100 | E115: Competitive Spirit | G115: Girls | I115: Jr Varsity | K115: =SUM(M115:T115) -> 0 | W115: 0 | X115: 0
D116: 101 | E116: Cross Country | G116: Girls | I116: Jr Varsity | K116: =SUM(M116:T116) -> 0 | W116: 0 | X116: 0
D117: 102 | E117: Field Hockey | G117: Girls | I117: Jr Varsity | K117: =SUM(M117:T117) -> 2942.79 | M117: 1350.91 | Q117: 1120 | R117: 471.88 | W117: 0 | X117: 0
D118: 103 | E118: Golf | G118: Girls | I118: Jr Varsity | K118: =SUM(M118:T118) -> 0 | W118: 0 | X118: 0
D119: 104 | E119: Gymnastics | G119: Girls | I119: Jr Varsity | K119: =SUM(M119:T119) -> 0 | W119: 0 | X119: 0
D120: 105 | E120: Lacrosse | G120: Girls | I120: Jr Varsity | K120: =SUM(M120:T120) -> 3243.37 | M120: 1273.35 | Q120: 1540 | T120: 430.02 | W120: 0 | X120: 0
D121: 106 | E121: Rifle | G121: Girls | I121: Jr Varsity | K121: =SUM(M121:T121) -> 0 | W121: 0 | X121: 0
D122: 107 | E122: Soccer | G122: Girls | I122: Jr Varsity | K122: =SUM(M122:T122) -> 2343.44 | M122: 833.32 | Q122: 1168 | R122: 342.12 | W122: 0 | X122: 0
D123: 108 | E123: Softball, Fast Pitch | G123: Girls | I123: Jr Varsity | K123: =SUM(M123:T123) -> 1264 | Q123: 1264 | W123: 0 | X123: 0
D124: 109 | E124: Swimming and Diving | G124: Girls | I124: Jr Varsity | K124: =SUM(M124:T124) -> 0 | W124: 0 | X124: 0
D125: 110 | E125: Tennis | G125: Girls | I125: Jr Varsity | K125: =SUM(M125:T125) -> 0 | W125: 0 | X125: 0
D126: 111 | E126: Track & Field (Indoor) | G126: Girls | I126: Jr Varsity | K126: =SUM(M126:T126) -> 0 | W126: 0 | X126: 0
D127: 112 | E127: Track & Field (Outdoor) | G127: Girls | I127: Jr Varsity | K127: =SUM(M127:T127) -> 0 | W127: 0 | X127: 0
D128: 113 | E128: Volleyball | G128: Girls | I128: Jr Varsity | K128: =SUM(M128:T128) -> 5168.71 | M128: 2103.4 | Q128: 1877 | R128: 1188.31 | W128: 0 | X128: 0
D129: 114 | E129: Water Polo | G129: Girls | I129: Jr Varsity | K129: =SUM(M129:T129) -> 0 | W129: 0 | X129: 0
D130: 115 | E130: Basketball | G130: Girls | I130: Freshman | K130: =SUM(M130:T130) -> 0 | W130: 0 | X130: 0
D131: 116 | E131: Bowling | G131: Girls | I131: Freshman | K131: =SUM(M131:T131) -> 0 | W131: 0 | X131: 0
D132: 117 | E132: Competitive Spirit | G132: Girls | I132: Freshman | K132: =SUM(M132:T132) -> 0 | W132: 0 | X132: 0
D133: 118 | E133: Cross Country | G133: Girls | I133: Freshman | K133: =SUM(M133:T133) -> 0 | W133: 0 | X133: 0
D134: 119 | E134: Field Hockey | G134: Girls | I134: Freshman | K134: =SUM(M134:T134) -> 0 | W134: 0 | X134: 0
D135: 120 | E135: Golf | G135: Girls | I135: Freshman | K135: =SUM(M135:T135) -> 0 | W135: 0 | X135: 0
D136: 121 | E136: Gymnastics | G136: Girls | I136: Freshman | K136: =SUM(M136:T136) -> 0 | W136: 0 | X136: 0
D137: 122 | E137: Lacrosse | G137: Girls | I137: Freshman | K137: =SUM(M137:T137) -> 0 | W137: 0 | X137: 0
D138: 123 | E138: Rifle | G138: Girls | I138: Freshman | K138: =SUM(M138:T138) -> 0 | W138: 0 | X138: 0
D139: 124 | E139: Soccer | G139: Girls | I139: Freshman | K139: =SUM(M139:T139) -> 0 | W139: 0 | X139: 0
D140: 125 | E140: Softball, Fast Pitch | G140: Girls | I140: Freshman | K140: =SUM(M140:T140) -> 0 | W140: 0 | X140: 0
... D180: 165 | E180: Water Polo | G180: Girls | I180: 7th Grade | K180: =SUM(M180:T180) -> 0 | W180: 0 | X180: 0
D181: 166 | E181: Enter Additional Team(s) Below:
D182: 167 | E182: =IF('Page 2 - Team Information'!E180="","",'Page 2 - Team Information'!E180) | G182: =IF('Page 2 - Team Information'!G180="","",'Page 2 - Team Information'!G180) | I182: =IF('Page 2 - Team Information'!I180="","",'Page 2 - Team Information'!I180) | K182: =SUM(M182:X182) -> 0 | W182: 0 | X182: 0
...

Sheet Page 4 - Gender and Race Info
E4: ='Page 1 - General Information'!E4 -> INTERSCHOLASTIC ATHLETIC OPPORTUNITIES DISCLOSURE FORM 22.1
C5: ='Page 1 - General Information'!E5 -> 2021 - 2022 School Year | E5: ='Page 1 - General Information'!E5 -> 2021 - 2022 School Year
E7: =IF('Page 1 - General Information'!G14="[Make Selection From Drop-Down List ]","",("School: "&'Page 1 - General Information'!G14&" - "&'Page 1 - General Information'!G16)) -> School: Elizabethtown Area SHS - 2562 | J7: Page 5 - Section 1: Gender and Race/Ethnicity Information | S7: =IF('Page 1 - General Information'!G10=" [Make Selection From Drop-Down List ]","",("LEA: "&'Page 1 - General Information'!G10&" - "&'Page 1 - General Information'!G12)) -> LEA: Elizabethtown Area SD - 113362403
E10: Gender | F10: School Totals (Data is prepopulated from the October Student Snapshot) | O10: Athletic Program Totals (Enter the counts of athletic program participants by race/ethnicity and gender)
F11: Race/Ethnicity Code | O11: Race/Ethnicity Code
F12: American Indian/Alaskan Native | G12: Black/African American (Not Hispanic) | H12: Hispanic (Any Race) | I12: White/Caucasian (Not Hispanic) | J12: Multi-Racial (Not Hispanic) | K12: Asian (Not Hispanic) | L12: Native Hawaiian or Other Pacific Islander (Not Hispanic) | M12: Total | O12: American Indian/Alaskan Native | P12: Black/African American (Not Hispanic) | Q12: Hispanic (Any Race) | R12: White/Caucasian (Not Hispanic) | S12: Multi-Racial (Not Hispanic) | T12: Asian (Not Hispanic) | U12: Native Hawaiian or Other Pacific Islander (Not Hispanic) | V12: Total
F13: 1 | G13: 2 | H13: 3 | I13: 4 | J13: 5 | K13: 6 | L13: 7 | M13: 8 | N13: 9 | O13: 10 | P13: 11 | Q13: 12 | R13: 13 | S13: 14 | T13: 15 | U13: 16 | V13: 17
D14: ='Page 1 - General Information'!G12&'Page 1 - General Information'!G16&'Page 4 - Gender and Race Info'!E14 -> 1133624032562Male | E14: Male | F14: =IF(ISERROR(VLOOKUP($D$14,'Race Data'!$B:$O,7,FALSE))," ",(VLOOKUP($D$14,'Race Data'!$B:$O,7,FALSE))) -> * | G14: =IF(ISERROR(VLOOKUP($D$14,'Race Data'!$B:$O,8,FALSE))," ",(VLOOKUP($D$14,'Race Data'!$B:$O,8,FALSE))) -> 16 | H14: =IF(ISERROR(VLOOKUP($D$14,'Race Data'!$B:$O,9,FALSE))," ",(VLOOKUP($D$14,'Race Data'!$B:$O,9,FALSE))) -> 36 | I14: =IF(ISERROR(VLOOKUP($D$14,'Race Data'!$B:$O,10,FALSE))," ",(VLOOKUP($D$14,'Race Data'!$B:$O,10,FALSE))) -> 534 | J14: =IF(ISERROR(VLOOKUP($D$14,'Race Data'!$B:$O,11,FALSE))," ",(VLOOKUP($D$14,'Race Data'!$B:$O,11,FALSE))) -> 20 | K14: =IF(ISERROR(VLOOKUP($D$14,'Race Data'!$B:$O,12,FALSE))," ",(VLOOKUP($D$14,'Race Data'!$B:$O,12,FALSE))) -> * | L14: =IF(ISERROR(VLOOKUP($D$14,'Race Data'!$B:$O,13,FALSE))," ",(VLOOKUP($D$14,'Race Data'!$B:$O,13,FALSE))) -> 0 | M14: =IF(ISERROR(VLOOKUP($D$14,'Race Data'!$B:$O,14,FALSE))," ",(VLOOKUP($D$14,'Race Data'!$B:$O,14,FALSE))) -> 620 | O14: 0 | P14: 7 | Q14: 10 | R14: 236 | S14: 8 | T14: 0 | U14: 0 | V14: =SUM(O14:U14) -> 261
D15: ='Page 1 - General Information'!G12&'Page 1 - General Information'!G16&'Page 4 - Gender and Race Info'!E15 -> 1133624032562Female | E15: Female | F15: =IF(ISERROR(VLOOKUP($D$15,'Race Data'!$B:$O,7,FALSE))," ",(VLOOKUP($D$15,'Race Data'!$B:$O,7,FALSE))) -> * | G15: =IF(ISERROR(VLOOKUP($D$15,'Race Data'!$B:$O,8,FALSE))," ",(VLOOKUP($D$15,'Race Data'!$B:$O,8,FALSE))) -> 11 | H15: =IF(ISERROR(VLOOKUP($D$15,'Race Data'!$B:$O,9,FALSE))," ",(VLOOKUP($D$15,'Race Data'!$B:$O,9,FALSE))) -> 34 | I15: =IF(ISERROR(VLOOKUP($D$15,'Race Data'!$B:$O,10,FALSE))," ",(VLOOKUP($D$15,'Race Data'!$B:$O,10,FALSE))) -> 524 | J15: =IF(ISERROR(VLOOKUP($D$15,'Race Data'!$B:$O,11,FALSE))," ",(VLOOKUP($D$15,'Race Data'!$B:$O,11,FALSE))) -> 20 | K15: =IF(ISERROR(VLOOKUP($D$15,'Race Data'!$B:$O,12,FALSE))," ",(VLOOKUP($D$15,'Race Data'!$B:$O,12,FALSE))) -> * | L15: =IF(ISERROR(VLOOKUP($D$15,'Race Data'!$B:$O,13,FALSE))," ",(VLOOKUP($D$15,'Race Data'!$B:$O,13,FALSE))) -> 0 | M15: =IF(ISERROR(VLOOKUP($D$15,'Race Data'!$B:$O,14,FALSE))," ",(VLOOKUP($D$15,'Race Data'!$B:$O,14,FALSE))) -> 601 | O15: 1 | P15: 2 | Q15: 7 | R15: 198 | S15: 8 | T15: 0 | U15: 0 | V15: =SUM(O15:U15) -> 216
D16: ='Page 1 - General Information'!G12&'Page 1 - General Information'!G16&'Page 4 - Gender and Race Info'!E16 -> 1133624032562Total | E16: Total | F16: =IF(ISERROR(VLOOKUP($D$16,'Race Data'!$B:$O,7,FALSE))," ",(VLOOKUP($D$16,'Race Data'!$B:$O,7,FALSE))) -> * | G16: =IF(ISERROR(VLOOKUP($D$16,'Race Data'!$B:$O,8,FALSE))," ",(VLOOKUP($D$16,'Race Data'!$B:$O,8,FALSE))) -> 27 | H16: =IF(ISERROR(VLOOKUP($D$16,'Race Data'!$B:$O,9,FALSE))," ",(VLOOKUP($D$16,'Race Data'!$B:$O,9,FALSE))) -> 70 | I16: =IF(ISERROR(VLOOKUP($D$16,'Race Data'!$B:$O,10,FALSE))," ",(VLOOKUP($D$16,'Race Data'!$B:$O,10,FALSE))) -> 1058 | J16: =IF(ISERROR(VLOOKUP($D$16,'Race Data'!$B:$O,11,FALSE))," ",(VLOOKUP($D$16,'Race Data'!$B:$O,11,FALSE))) -> 40 | K16: =IF(ISERROR(VLOOKUP($D$16,'Race Data'!$B:$O,12,FALSE))," ",(VLOOKUP($D$16,'Race Data'!$B:$O,12,FALSE))) -> * | L16: =IF(ISERROR(VLOOKUP($D$16,'Race Data'!$B:$O,13,FALSE))," ",(VLOOKUP($D$16,'Race Data'!$B:$O,13,FALSE))) -> 0 | M16: =IF(ISERROR(VLOOKUP($D$16,'Race Data'!$B:$O,14,FALSE))," ",(VLOOKUP($D$16,'Race Data'!$B:$O,14,FALSE))) -> 1221 | N16: =N14+N15 -> 0 | O16: =O14+O15 -> 1 | P16: =P14+P15 -> 9 | Q16: =Q14+Q15 -> 17 | R16: =R14+R15 -> 434 | S16: =S14+S15 -> 16 | T16: =T14+T15 -> 0 | U16: =U14+U15 -> 0 | V16: =V14+V15 -> 477
E20: Note: Some information has been redacted in order to protect individual identification

Sheet Page 5 - Comments
D4: ='Page 1 - General Information'!E4 -> INTERSCHOLASTIC ATHLETIC OPPORTUNITIES DISCLOSURE FORM 22.1
D5: ='Page 1 - General Information'!E5 -> 2021 - 2022 School Year
E7: =IF('Page 1 - General Information'!G14="[Make Selection From Drop-Down List ]","",("School: "&'Page 1 - General Information'!G14&" - "&'Page 1 - General Information'!G16)) -> School: Elizabethtown Area SHS - 2562 | J7: Page 4 - Section 1: Comments | N7: =IF('Page 1 - General Information'!G10=" [Make Selection From Drop-Down List ]","",("LEA: "&'Page 1 - General Information'!G10&" - "&'Page 1 - General Information'!G12)) -> LEA: Elizabethtown Area SD - 113362403
E11: Please Provide All Applicable Comments Below
E12: For Best Results, Compose In A Word Processor, Copy And Paste To The Formula Bar Above, Then Press Enter.
E13: Input Is Limited To 100 Characters

Sheet Page 6 - PIMS Input Page
A1: DISTRICT CODE | B1: LOCATION CODE | C1: REPORTING DATE | D1: CATEGORY 01 | E1: CATEGORY 02 | F1: CATEGORY 03 | G1: CATEGORY 04 | H1: CATEGORY 05 | I1: CATEGORY 06 | J1: CATEGORY 07 | K1: CATEGORY 08 | L1: CATEGORY 09 | M1: CATEGORY 10 | N1: PRIMARY MEASURE TYPE | O1: COUNT | P1: AMOUNT | Q1: PERCENT | R1: INDICATOR | S1: CATEGORY SET CODE | T1: START DATE | U1: END DATE | V1: COMMENT | X1: Column | Y1: Row
A2: ='Page 1 - General Information'!$G$12 -> 113362403 | B2: ='Page 1 - General Information'!$G$16 -> 2562 | C2: 2022-06-30 | N2: COUNT | O2: =INDEX('Page 2 - Team Information'!$K$14:$AP$184,Y2,X2) -> 18 | S2: Baseball_Boys_V_Boys | X2: 1 | Y2: 1
A3: ='Page 1 - General Information'!$G$12 -> 113362403 | B3: ='Page 1 - General Information'!$G$16 -> 2562 | C3: 2022-06-30 | N3: COUNT | O3: =INDEX('Page 2 - Team Information'!$K$14:$AP$184,Y3,X3) -> 0 | S3: Baseball_Boys_V_Girls | X3: 2 | Y3: 1
A4: ='Page 1 - General Information'!$G$12 -> 113362403 | B4: ='Page 1 - General Information'!$G$16 -> 2562 | C4: 2022-06-30 | N4: COUNT | O4: =INDEX('Page 2 - Team Information'!$K$14:$AP$184,Y4,X4) -> 18 | S4: Baseball_Boys_V_Total | X4: 3 | Y4: 1
A5: ='Page 1 - General Information'!$G$12 -> 113362403 | B5: ='Page 1 - General Information'!$G$16 -> 2562 | C5: 2022-06-30 | N5: COUNT | O5: =INDEX('Page 2 - Team Information'!$K$14:$AP$184,Y5,X5) -> 9 | S5: Basketball _Boys_V_Boys | X5: 1 | Y5: 2
A6: ='Page 1 - General Information'!$G$12 -> 113362403 | B6: ='Page 1 - General Information'!$G$16 -> 2562 | C6: 2022-06-30 | N6: COUNT | O6: =INDEX('Page 2 - Team Information'!$K$14:$AP$184,Y6,X6) -> 0 | S6: Basketball _Boys_V_Girls | X6: 2 | Y6: 2
A7: ='Page 1 - General Information'!$G$12 -> 113362403 | B7: ='Page 1 - General Information'!$G$16 -> 2562 | C7: 2022-06-30 | N7: COUNT | O7: =INDEX('Page 2 - Team Information'!$K$14:$AP$184,Y7,X7) -> 9 | S7: Basketball _Boys_V_Total | X7: 3 | Y7: 2
A8: ='Page 1 - General Information'!$G$12 -> 113362403 | B8: ='Page 1 - General Information'!$G$16 -> 2562 | C8: 2022-06-30 | N8: COUNT | O8: =INDEX('Page 2 - Team Information'!$K$14:$AP$184,Y8,X8) -> 16 | S8: Bowling_Boys_V_Boys | X8: 1 | Y8: 3
A9: ='Page 1 - General Information'!$G$12 -> 113362403 | B9: ='Page 1 - General Information'!$G$16 -> 2562 | C9: 2022-06-30 | N9: COUNT | O9: =INDEX('Page 2 - Team Information'!$K$14:$AP$184,Y9,X9) -> 0 | S9: Bowling_Boys_V_Girls | X9: 2 | Y9: 3
A10: ='Page 1 - General Information'!$G$12 -> 113362403 | B10: ='Page 1 - General Information'!$G$16 -> 2562 | C10: 2022-06-30 | N10: COUNT | O10: =INDEX('Page 2 - Team Information'!$K$14:$AP$184,Y10,X10) -> 16 | S10: Bowling_Boys_V_Total | X10: 3 | Y10: 3
A11: ='Page 1 - General Information'!$G$12 -> 113362403 | B11: ='Page 1 - General Information'!$G$16 -> 2562 | C11: 2022-06-30 | N11: COUNT | O11: =INDEX('Page 2 - Team Information'!$K$14:$AP$184,Y11,X11) -> 19 | S11: Cross Country_Boys_V_Boys | X11: 1 | Y11: 4
A12: ='Page 1 - General Information'!$G$12 -> 113362403 | B12: ='Page 1 - General Information'!$G$16 -> 2562 | C12: 2022-06-30 | N12: COUNT | O12: =INDEX('Page 2 - Team Information'!$K$14:$AP$184,Y12,X12) -> 0 | S12: Cross Country_Boys_V_Girls | X12: 2 | Y12: 4
A13: ='Page 1 - General Information'!$G$12 -> 113362403 | B13: ='Page 1 - General Information'!$G$16 -> 2562 | C13: 2022-06-30 | N13: COUNT | O13: =INDEX('Page 2 - Team Information'!$K$14:$AP$184,Y13,X13) -> 19 | S13: Cross Country_Boys_V_Total | X13: 3 | Y13: 4
... A496: ='Page 1 - General Information'!$G$12 -> 113362403 | B496: ='Page 1 - General Information'!$G$16 -> 2562 | C496: 2022-06-30 | N496: COUNT | O496: =INDEX('Page 2 - Team Information'!$K$14:$AP$184,Y496,X496) -> 0 | S496: Water Polo_Girls_7_Total | X496: 3 | Y496: 165
A497: ='Page 1 - General Information'!$G$12 -> 113362403 | B497: ='Page 1 - General Information'!$G$16 -> 2562 | C497: 2022-06-30 | N497: INDICATOR | R497: Y | S497: Baseball_B_V_SeasonFall | V497: =INDEX('Page 2 - Team Information'!$K$14:$AP$184,Y497,X497) -> 0 | X497: 5 | Y497: 1
A498: ='Page 1 - General Information'!$G$12 -> 113362403 | B498: ='Page 1 - General Information'!$G$16 -> 2562 | C498: 2022-06-30 | N498: INDICATOR | R498: Y | S498: Baseball_B_V_SeasonWinter | V498: =INDEX('Page 2 - Team Information'!$K$14:$AP$184,Y498,X498) -> 0 | X498: 6 | Y498: 1
A499: ='Page 1 - General Information'!$G$12 -> 113362403 | B499: ='Page 1 - General Information'!$G$16 -> 2562 | C499: 2022-06-30 | N499: INDICATOR | R499: Y | S499: Baseball_B_V_SeasonSpring | V499: =INDEX('Page 2 - Team Information'!$K$14:$AP$184,Y499,X499) -> Yes | X499: 7 | Y499: 1
A500: ='Page 1 - General Information'!$G$12 -> 113362403 | B500: ='Page 1 - General Information'!$G$16 -> 2562 | C500: 2022-06-30 | N500: INDICATOR | R500: Y | S500: Baseball_B_V_Established | T500: =IF(INDEX('Page 2 - Team Information'!$K$14:$AP$184,Y500,X500)="","",INDEX('Page 2 - Team Information'!$K$14:$AP$184,Y500,X500)&"-06-30") -> 1957-06-30 | X500: 9 | Y500: 1
A501: ='Page 1 - General Information'!$G$12 -> 113362403 | B501: ='Page 1 - General Information'!$G$16 -> 2562 | C501: 2022-06-30 | N501: INDICATOR | R501: Y | S501: Baseball_B_V_Demotion | T501: =IF(INDEX('Page 2 - Team Information'!$K$14:$AP$184,Y501,X501)="","",INDEX('Page 2 - Team Information'!$K$14:$AP$184,Y501,X501)&"-06-30") | X501: 10 | Y501: 1
A502: ='Page 1 - General Information'!$G$12 -> 113362403 | B502: ='Page 1 - General Information'!$G$16 -> 2562 | C502: 2022-06-30 | N502: INDICATOR | R502: Y | S502: Baseball_B_V_Elimination | T502: =IF(INDEX('Page 2 - Team Information'!$K$14:$AP$184,Y502,X502)="","",INDEX('Page 2 - Team Information'!$K$14:$AP$184,Y502,X502)&"-06-30") | X502: 11 | Y502: 1
A503: ='Page 1 - General Information'!$G$12 -> 113362403 | B503: ='Page 1 - General Information'!$G$16 -> 2562 | C503: 2022-06-30 | N503: INDICATOR | R503: Y | S503: Baseball_B_V_Reinstatement | T503: =IF(INDEX('Page 2 - Team Information'!$K$14:$AP$184,Y503,X503)="","",INDEX('Page 2 - Team Information'!$K$14:$AP$184,Y503,X503)&"-06-30") | X503: 12 | Y503: 1
A504: ='Page 1 - General Information'!$G$12 -> 113362403 | B504: ='Page 1 - General Information'!$G$16 -> 2562 | C504: 2022-06-30 | N504: COUNT | O504: =INDEX('Page 2 - Team Information'!$K$14:$AP$184,Y504,X504) -> 0 | S504: Baseball_B_V_ScheduledFall | X504: 14 | Y504: 1
A505: ='Page 1 - General Information'!$G$12 -> 113362403 | B505: ='Page 1 - General Information'!$G$16 -> 2562 | C505: 2022-06-30 | N505: COUNT | O505: =INDEX('Page 2 - Team Information'!$K$14:$AP$184,Y505,X505) -> 0 | S505: Baseball_B_V_ScheduledWinter | X505: 15 | Y505: 1
A506: ='Page 1 - General Information'!$G$12 -> 113362403 | B506: ='Page 1 - General Information'!$G$16 -> 2562 | C506: 2022-06-30 | N506: COUNT | O506: =INDEX('Page 2 - Team Information'!$K$14:$AP$184,Y506,X506) -> 20 | S506: Baseball_B_V_ScheduledSpring | X506: 16 | Y506: 1
A507: ='Page 1 - General Information'!$G$12 -> 113362403 | B507: ='Page 1 - General Information'!$G$16 -> 2562 | C507: 2022-06-30 | N507: COUNT | O507: =INDEX('Page 2 - Team Information'!$K$14:$AP$184,Y507,X507) -> 20 | S507: Baseball_B_V_ScheduledTotal | X507: 17 | Y507: 1
A508: ='Page 1 - General Information'!$G$12 -> 113362403 | B508: ='Page 1 - General Information'!$G$16 -> 2562 | C508: 2022-06-30 | N508: COUNT | O508: =INDEX('Page 2 - Team Information'!$K$14:$AP$184,Y508,X508) -> 0 | S508: Baseball_B_V_PlayedFall | X508: 19 | Y508: 1
A509: ='Page 1 - General Information'!$G$12 -> 113362403 | B509: ='Page 1 - General Information'!$G$16 -> 2562 | C509: 2022-06-30 | N509: COUNT | O509: =INDEX('Page 2 - Team Information'!$K$14:$AP$184,Y509,X509) -> 0 | S509: Baseball_B_V_PlayedWinter | X509: 20 | Y509: 1
A510: ='Page 1 - General Information'!$G$12 -> 113362403 | B510: ='Page 1 - General Information'!$G$16 -> 2562 | C510: 2022-06-30 | N510: COUNT | O510: =INDEX('Page 2 - Team Information'!$K$14:$AP$184,Y510,X510) -> 20 | S510: Baseball_B_V_PlayedSpring | X510: 21 | Y510: 1
A511: ='Page 1 - General Information'!$G$12 -> 113362403 | B511: ='Page 1 - General Information'!$G$16 -> 2562 | C511: 2022-06-30 | N511: COUNT | O511: =INDEX('Page 2 - Team Information'!$K$14:$AP$184,Y511,X511) -> 20 | S511: Baseball_B_V_PlayedTotal | X511: 22 | Y511: 1
A512: ='Page 1 - General Information'!$G$12 -> 113362403 | B512: ='Page 1 - General Information'!$G$16 -> 2562 | C512: 2022-06-30 | N512: INDICATOR | R512: Y | S512: Basketball _B_V_SeasonFall | V512: =INDEX('Page 2 - Team Information'!$K$14:$AP$184,Y512,X512) -> 0 | X512: 5 | Y512: 2
A513: ='Page 1 - General Information'!$G$12 -> 113362403 | B513: ='Page 1 - General Information'!$G$16 -> 2562 | C513: 2022-06-30 | N513: INDICATOR | R513: Y | S513: Basketball _B_V_SeasonWinter | V513: =INDEX('Page 2 - Team Information'!$K$14:$AP$184,Y513,X513) -> Yes | X513: 6 | Y513: 2
A514: ='Page 1 - General Information'!$G$12 -> 113362403 | B514: ='Page 1 - General Information'!$G$16 -> 2562 | C514: 2022-06-30 | N514: INDICATOR | R514: Y | S514: Basketball _B_V_SeasonSpring | V514: =INDEX('Page 2 - Team Information'!$K$14:$AP$184,Y514,X514) -> 0 | X514: 7 | Y514: 2
A515: ='Page 1 - General Information'!$G$12 -> 113362403 | B515: ='Page 1 - General Information'!$G$16 -> 2562 | C515: 2022-06-30 | N515: INDICATOR | R515: Y | S515: Basketball _B_V_Established | T515: =IF(INDEX('Page 2 - Team Information'!$K$14:$AP$184,Y515,X515)="","",INDEX('Page 2 - Team Information'!$K$14:$AP$184,Y515,X515)&"-06-30") -> 1957-06-30 | X515: 9 | Y515: 2
A516: ='Page 1 - General Information'!$G$12 -> 113362403 | B516: ='Page 1 - General Information'!$G$16 -> 2562 | C516: 2022-06-30 | N516: INDICATOR | R516: Y | S516: Basketball _B_V_Demotion | T516: =IF(INDEX('Page 2 - Team Information'!$K$14:$AP$184,Y516,X516)="","",INDEX('Page 2 - Team Information'!$K$14:$AP$184,Y516,X516)&"-06-30") | X516: 10 | Y516: 2
A517: ='Page 1 - General Information'!$G$12 -> 113362403 | B517: ='Page 1 - General Information'!$G$16 -> 2562 | C517: 2022-06-30 | N517: INDICATOR | R517: Y | S517: Basketball _B_V_Elimination | T517: =IF(INDEX('Page 2 - Team Information'!$K$14:$AP$184,Y517,X517)="","",INDEX('Page 2 - Team Information'!$K$14:$AP$184,Y517,X517)&"-06-30") | X517: 11 | Y517: 2
A518: ='Page 1 - General Information'!$G$12 -> 113362403 | B518: ='Page 1 - General Information'!$G$16 -> 2562 | C518: 2022-06-30 | N518: INDICATOR | R518: Y | S518: Basketball _B_V_Reinstatement | T518: =IF(INDEX('Page 2 - Team Information'!$K$14:$AP$184,Y518,X518)="","",INDEX('Page 2 - Team Information'!$K$14:$AP$184,Y518,X518)&"-06-30") | X518: 12 | Y518: 2
A519: ='Page 1 - General Information'!$G$12 -> 113362403 | B519: ='Page 1 - General Information'!$G$16 -> 2562 | C519: 2022-06-30 | N519: COUNT | O519: =INDEX('Page 2 - Team Information'!$K$14:$AP$184,Y519,X519) -> 0 | S519: Basketball _B_V_ScheduledFall | X519: 14 | Y519: 2
A520: ='Page 1 - General Information'!$G$12 -> 113362403 | B520: ='Page 1 - General Information'!$G$16 -> 2562 | C520: 2022-06-30 | N520: COUNT | O520: =INDEX('Page 2 - Team Information'!$K$14:$AP$184,Y520,X520) -> 22 | S520: Basketball _B_V_ScheduledWinter | X520: 15 | Y520: 2
A521: ='Page 1 - General Information'!$G$12 -> 113362403 | B521: ='Page 1 - General Information'!$G$16 -> 2562 | C521: 2022-06-30 | N521: COUNT | O521: =INDEX('Page 2 - Team Information'!$K$14:$AP$184,Y521,X521) -> 0 | S521: Basketball _B_V_ScheduledSpring | X521: 16 | Y521: 2
A522: ='Page 1 - General Information'!$G$12 -> 113362403 | B522: ='Page 1 - General Information'!$G$16 -> 2562 | C522: 2022-06-30 | N522: COUNT | O522: =INDEX('Page 2 - Team Information'!$K$14:$AP$184,Y522,X522) -> 22 | S522: Basketball _B_V_ScheduledTotal | X522: 17 | Y522: 2
A523: ='Page 1 - General Information'!$G$12 -> 113362403 | B523: ='Page 1 - General Information'!$G$16 -> 2562 | C523: 2022-06-30 | N523: COUNT | O523: =INDEX('Page 2 - Team Information'!$K$14:$AP$184,Y523,X523) -> 0 | S523: Basketball _B_V_PlayedFall | X523: 19 | Y523: 2
A524: ='Page 1 - General Information'!$G$12 -> 113362403 | B524: ='Page 1 - General Information'!$G$16 -> 2562 | C524: 2022-06-30 | N524: COUNT | O524: =INDEX('Page 2 - Team Information'!$K$14:$AP$184,Y524,X524) -> 22 | S524: Basketball _B_V_PlayedWinter | X524: 20 | Y524: 2
A525: ='Page 1 - General Information'!$G$12 -> 113362403 | B525: ='Page 1 - General Information'!$G$16 -> 2562 | C525: 2022-06-30 | N525: COUNT | O525: =INDEX('Page 2 - Team Information'!$K$14:$AP$184,Y525,X525) -> 0 | S525: Basketball _B_V_PlayedSpring | X525: 21 | Y525: 2
A526: ='Page 1 - General Information'!$G$12 -> 113362403 | B526: ='Page 1 - General Information'!$G$16 -> 2562 | C526: 2022-06-30 | N526: COUNT | O526: =INDEX('Page 2 - Team Information'!$K$14:$AP$184,Y526,X526) -> 22 | S526: Basketball _B_V_PlayedTotal | X526: 22 | Y526: 2
A527: ='Page 1 - General Information'!$G$12 -> 113362403 | B527: ='Page 1 - General Information'!$G$16 -> 2562 | C527: 2022-06-30 | N527: INDICATOR | R527: Y | S527: Bowling_B_V_SeasonFall | V527: =INDEX('Page 2 - Team Information'!$K$14:$AP$184,Y527,X527) -> 0 | X527: 5 | Y527: 3
A528: ='Page 1 - General Information'!$G$12 -> 113362403 | B528: ='Page 1 - General Information'!$G$16 -> 2562 | C528: 2022-06-30 | N528: INDICATOR | R528: Y | S528: Bowling_B_V_SeasonWinter | V528: =INDEX('Page 2 - Team Information'!$K$14:$AP$184,Y528,X528) -> Yes | X528: 6 | Y528: 3
A529: ='Page 1 - General Information'!$G$12 -> 113362403 | B529: ='Page 1 - General Information'!$G$16 -> 2562 | C529: 2022-06-30 | N529: INDICATOR | R529: Y | S529: Bowling_B_V_SeasonSpring | V529: =INDEX('Page 2 - Team Information'!$K$14:$AP$184,Y529,X529) -> 0 | X529: 7 | Y529: 3
A530: ='Page 1 - General Information'!$G$12 -> 113362403 | B530: ='Page 1 - General Information'!$G$16 -> 2562 | C530: 2022-06-30 | N530: INDICATOR | R530: Y | S530: Bowling_B_V_Established | T530: =IF(INDEX('Page 2 - Team Information'!$K$14:$AP$184,Y530,X530)="","",INDEX('Page 2 - Team Information'!$K$14:$AP$184,Y530,X530)&"-06-30") -> 2004-06-30 | X530: 9 | Y530: 3
A531: ='Page 1 - General Information'!$G$12 -> 113362403 | B531: ='Page 1 - General Information'!$G$16 -> 2562 | C531: 2022-06-30 | N531: INDICATOR | R531: Y | S531: Bowling_B_V_Demotion | T531: =IF(INDEX('Page 2 - Team Information'!$K$14:$AP$184,Y531,X531)="","",INDEX('Page 2 - Team Information'!$K$14:$AP$184,Y531,X531)&"-06-30") | X531: 10 | Y531: 3
A532: ='Page 1 - General Information'!$G$12 -> 113362403 | B532: ='Page 1 - General Information'!$G$16 -> 2562 | C532: 2022-06-30 | N532: INDICATOR | R532: Y | S532: Bowling_B_V_Elimination | T532: =IF(INDEX('Page 2 - Team Information'!$K$14:$AP$184,Y532,X532)="","",INDEX('Page 2 - Team Information'!$K$14:$AP$184,Y532,X532)&"-06-30") | X532: 11 | Y532: 3
A533: ='Page 1 - General Information'!$G$12 -> 113362403 | B533: ='Page 1 - General Information'!$G$16 -> 2562 | C533: 2022-06-30 | N533: INDICATOR | R533: Y | S533: Bowling_B_V_Reinstatement | T533: =IF(INDEX('Page 2 - Team Information'!$K$14:$AP$184,Y533,X533)="","",INDEX('Page 2 - Team Information'!$K$14:$AP$184,Y533,X533)&"-06-30") | X533: 12 | Y533: 3
A534: ='Page 1 - General Information'!$G$12 -> 113362403 | B534: ='Page 1 - General Information'!$G$16 -> 2562 | C534: 2022-06-30 | N534: COUNT | O534: =INDEX('Page 2 - Team Information'!$K$14:$AP$184,Y534,X534) -> 0 | S534: Bowling_B_V_ScheduledFall | X534: 14 | Y534: 3
A535: ='Page 1 - General Information'!$G$12 -> 113362403 | B535: ='Page 1 - General Information'!$G$16 -> 2562 | C535: 2022-06-30 | N535: COUNT | O535: =INDEX('Page 2 - Team Information'!$K$14:$AP$184,Y535,X535) -> 20 | S535: Bowling_B_V_ScheduledWinter | X535: 15 | Y535: 3
A536: ='Page 1 - General Information'!$G$12 -> 113362403 | B536: ='Page 1 - General Information'!$G$16 -> 2562 | C536: 2022-06-30 | N536: COUNT | O536: =INDEX('Page 2 - Team Information'!$K$14:$AP$184,Y536,X536) -> 0 | S536: Bowling_B_V_ScheduledSpring | X536: 16 | Y536: 3
A537: ='Page 1 - General Information'!$G$12 -> 113362403 | B537: ='Page 1 - General Information'!$G$16 -> 2562 | C537: 2022-06-30 | N537: COUNT | O537: =INDEX('Page 2 - Team Information'!$K$14:$AP$184,Y537,X537) -> 20 | S537: Bowling_B_V_ScheduledTotal | X537: 17 | Y537: 3
A538: ='Page 1 - General Information'!$G$12 -> 113362403 | B538: ='Page 1 - General Information'!$G$16 -> 2562 | C538: 2022-06-30 | N538: COUNT | O538: =INDEX('Page 2 - Team Information'!$K$14:$AP$184,Y538,X538) -> 0 | S538: Bowling_B_V_PlayedFall | X538: 19 | Y538: 3
A539: ='Page 1 - General Information'!$G$12 -> 113362403 | B539: ='Page 1 - General Information'!$G$16 -> 2562 | C539: 2022-06-30 | N539: COUNT | O539: =INDEX('Page 2 - Team Information'!$K$14:$AP$184,Y539,X539) -> 20 | S539: Bowling_B_V_PlayedWinter | X539: 20 | Y539: 3
A540: ='Page 1 - General Information'!$G$12 -> 113362403 | B540: ='Page 1 - General Information'!$G$16 -> 2562 | C540: 2022-06-30 | N540: COUNT | O540: =INDEX('Page 2 - Team Information'!$K$14:$AP$184,Y540,X540) -> 0 | S540: Bowling_B_V_PlayedSpring | X540: 21 | Y540: 3
A541: ='Page 1 - General Information'!$G$12 -> 113362403 | B541: ='Page 1 - General Information'!$G$16 -> 2562 | C541: 2022-06-30 | N541: COUNT | O541: =INDEX('Page 2 - Team Information'!$K$14:$AP$184,Y541,X541) -> 20 | S541: Bowling_B_V_PlayedTotal | X541: 22 | Y541: 3
A542: ='Page 1 - General Information'!$G$12 -> 113362403 | B542: ='Page 1 - General Information'!$G$16 -> 2562 | C542: 2022-06-30 | N542: INDICATOR | R542: Y | S542: Cross Country_B_V_SeasonFall | V542: =INDEX('Page 2 - Team Information'!$K$14:$AP$184,Y542,X542) -> Yes | X542: 5 | Y542: 4
A543: ='Page 1 - General Information'!$G$12 -> 113362403 | B543: ='Page 1 - General Information'!$G$16 -> 2562 | C543: 2022-06-30 | N543: INDICATOR | R543: Y | S543: Cross Country_B_V_SeasonWinter | V543: =INDEX('Page 2 - Team Information'!$K$14:$AP$184,Y543,X543) -> 0 | X543: 6 | Y543: 4
A544: ='Page 1 - General Information'!$G$12 -> 113362403 | B544: ='Page 1 - General Information'!$G$16 -> 2562 | C544: 2022-06-30 | N544: INDICATOR | R544: Y | S544: Cross Country_B_V_SeasonSpring | V544: =INDEX('Page 2 - Team Information'!$K$14:$AP$184,Y544,X544) -> 0 | X544: 7 | Y544: 4
A545: ='Page 1 - General Information'!$G$12 -> 113362403 | B545: ='Page 1 - General Information'!$G$16 -> 2562 | C545: 2022-06-30 | N545: INDICATOR | R545: Y | S545: Cross Country_B_V_Established | T545: =IF(INDEX('Page 2 - Team Information'!$K$14:$AP$184,Y545,X545)="","",INDEX('Page 2 - Team Information'!$K$14:$AP$184,Y545,X545)&"-06-30") -> 1964-06-30 | X545: 9 | Y545: 4
A546: ='Page 1 - General Information'!$G$12 -> 113362403 | B546: ='Page 1 - General Information'!$G$16 -> 2562 | C546: 2022-06-30 | N546: INDICATOR | R546: Y | S546: Cross Country_B_V_Demotion | T546: =IF(INDEX('Page 2 - Team Information'!$K$14:$AP$184,Y546,X546)="","",INDEX('Page 2 - Team Information'!$K$14:$AP$184,Y546,X546)&"-06-30") | X546: 10 | Y546: 4
A547: ='Page 1 - General Information'!$G$12 -> 113362403 | B547: ='Page 1 - General Information'!$G$16 -> 2562 | C547: 2022-06-30 | N547: INDICATOR | R547: Y | S547: Cross Country_B_V_Elimination | T547: =IF(INDEX('Page 2 - Team Information'!$K$14:$AP$184,Y547,X547)="","",INDEX('Page 2 - Team Information'!$K$14:$AP$184,Y547,X547)&"-06-30") | X547: 11 | Y547: 4
A548: ='Page 1 - General Information'!$G$12 -> 113362403 | B548: ='Page 1 - General Information'!$G$16 -> 2562 | C548: 2022-06-30 | N548: INDICATOR | R548: Y | S548: Cross Country_B_V_Reinstatement | T548: =IF(INDEX('Page 2 - Team Information'!$K$14:$AP$184,Y548,X548)="","",INDEX('Page 2 - Team Information'!$K$14:$AP$184,Y548,X548)&"-06-30") | X548: 12 | Y548: 4
A549: ='Page 1 - General Information'!$G$12 -> 113362403 | B549: ='Page 1 - General Information'!$G$16 -> 2562 | C549: 2022-06-30 | N549: COUNT | O549: =INDEX('Page 2 - Team Information'!$K$14:$AP$184,Y549,X549) -> 7 | S549: Cross Country_B_V_ScheduledFall | X549: 14 | Y549: 4
A550: ='Page 1 - General Information'!$G$12 -> 113362403 | B550: ='Page 1 - General Information'!$G$16 -> 2562 | C550: 2022-06-30 | N550: COUNT | O550: =INDEX('Page 2 - Team Information'!$K$14:$AP$184,Y550,X550) -> 0 | S550: Cross Country_B_V_ScheduledWinter | X550: 15 | Y550: 4
A551: ='Page 1 - General Information'!$G$12 -> 113362403 | B551: ='Page 1 - General Information'!$G$16 -> 2562 | C551: 2022-06-30 | N551: COUNT | O551: =INDEX('Page 2 - Team Information'!$K$14:$AP$184,Y551,X551) -> 0 | S551: Cross Country_B_V_ScheduledSpring | X551: 16 | Y551: 4
A552: ='Page 1 - General Information'!$G$12 -> 113362403 | B552: ='Page 1 - General Information'!$G$16 -> 2562 | C552: 2022-06-30 | N552: COUNT | O552: =INDEX('Page 2 - Team Information'!$K$14:$AP$184,Y552,X552) -> 7 | S552: Cross Country_B_V_ScheduledTotal | X552: 17 | Y552: 4
A553: ='Page 1 - General Information'!$G$12 -> 113362403 | B553: ='Page 1 - General Information'!$G$16 -> 2562 | C553: 2022-06-30 | N553: COUNT | O553: =INDEX('Page 2 - Team Information'!$K$14:$AP$184,Y553,X553) -> 7 | S553: Cross Country_B_V_PlayedFall | X553: 19 | Y553: 4
A554: ='Page 1 - General Information'!$G$12 -> 113362403 | B554: ='Page 1 - General Information'!$G$16 -> 2562 | C554: 2022-06-30 | N554: COUNT | O554: =INDEX('Page 2 - Team Information'!$K$14:$AP$184,Y554,X554) -> 0 | S554: Cross Country_B_V_PlayedWinter | X554: 20 | Y554: 4
A555: ='Page 1 - General Information'!$G$12 -> 113362403 | B555: ='Page 1 - General Information'!$G$16 -> 2562 | C555: 2022-06-30 | N555: COUNT | O555: =INDEX('Page 2 - Team Information'!$K$14:$AP$184,Y555,X555) -> 0 | S555: Cross Country_B_V_PlayedSpring | X555: 21 | Y555: 4
A556: ='Page 1 - General Information'!$G$12 -> 113362403 | B556: ='Page 1 - General Information'!$G$16 -> 2562 | C556: 2022-06-30 | N556: COUNT | O556: =INDEX('Page 2 - Team Information'!$K$14:$AP$184,Y556,X556) -> 7 | S556: Cross Country_B_V_PlayedTotal | X556: 22 | Y556: 4
A557: ='Page 1 - General Information'!$G$12 -> 113362403 | B557: ='Page 1 - General Information'!$G$16 -> 2562 | C557: 2022-06-30 | N557: INDICATOR | R557: Y | S557: Football_B_V_SeasonFall | V557: =INDEX('Page 2 - Team Information'!$K$14:$AP$184,Y557,X557) -> Yes | X557: 5 | Y557: 5
A558: ='Page 1 - General Information'!$G$12 -> 113362403 | B558: ='Page 1 - General Information'!$G$16 -> 2562 | C558: 2022-06-30 | N558: INDICATOR | R558: Y | S558: Football_B_V_SeasonWinter | V558: =INDEX('Page 2 - Team Information'!$K$14:$AP$184,Y558,X558) -> 0 | X558: 6 | Y558: 5
A559: ='Page 1 - General Information'!$G$12 -> 113362403 | B559: ='Page 1 - General Information'!$G$16 -> 2562 | C559: 2022-06-30 | N559: INDICATOR | R559: Y | S559: Football_B_V_SeasonSpring | V559: =INDEX('Page 2 - Team Information'!$K$14:$AP$184,Y559,X559) -> 0 | X559: 7 | Y559: 5
A560: ='Page 1 - General Information'!$G$12 -> 113362403 | B560: ='Page 1 - General Information'!$G$16 -> 2562 | C560: 2022-06-30 | N560: INDICATOR | R560: Y | S560: Football_B_V_Established | T560: =IF(INDEX('Page 2 - Team Information'!$K$14:$AP$184,Y560,X560)="","",INDEX('Page 2 - Team Information'!$K$14:$AP$184,Y560,X560)&"-06-30") -> 1957-06-30 | X560: 9 | Y560: 5
A561: ='Page 1 - General Information'!$G$12 -> 113362403 | B561: ='Page 1 - General Information'!$G$16 -> 2562 | C561: 2022-06-30 | N561: INDICATOR | R561: Y | S561: Football_B_V_Demotion | T561: =IF(INDEX('Page 2 - Team Information'!$K$14:$AP$184,Y561,X561)="","",INDEX('Page 2 - Team Information'!$K$14:$AP$184,Y561,X561)&"-06-30") | X561: 10 | Y561: 5
A562: ='Page 1 - General Information'!$G$12 -> 113362403 | B562: ='Page 1 - General Information'!$G$16 -> 2562 | C562: 2022-06-30 | N562: INDICATOR | R562: Y | S562: Football_B_V_Elimination | T562: =IF(INDEX('Page 2 - Team Information'!$K$14:$AP$184,Y562,X562)="","",INDEX('Page 2 - Team Information'!$K$14:$AP$184,Y562,X562)&"-06-30") | X562: 11 | Y562: 5
A563: ='Page 1 - General Information'!$G$12 -> 113362403 | B563: ='Page 1 - General Information'!$G$16 -> 2562 | C563: 2022-06-30 | N563: INDICATOR | R563: Y | S563: Football_B_V_Reinstatement | T563: =IF(INDEX('Page 2 - Team Information'!$K$14:$AP$184,Y563,X563)="","",INDEX('Page 2 - Team Information'!$K$14:$AP$184,Y563,X563)&"-06-30") | X563: 12 | Y563: 5
A564: ='Page 1 - General Information'!$G$12 -> 113362403 | B564: ='Page 1 - General Information'!$G$16 -> 2562 | C564: 2022-06-30 | N564: COUNT | O564: =INDEX('Page 2 - Team Information'!$K$14:$AP$184,Y564,X564) -> 10 | S564: Football_B_V_ScheduledFall | X564: 14 | Y564: 5
A565: ='Page 1 - General Information'!$G$12 -> 113362403 | B565: ='Page 1 - General Information'!$G$16 -> 2562 | C565: 2022-06-30 | N565: COUNT | O565: =INDEX('Page 2 - Team Information'!$K$14:$AP$184,Y565,X565) -> 0 | S565: Football_B_V_ScheduledWinter | X565: 15 | Y565: 5
A566: ='Page 1 - General Information'!$G$12 -> 113362403 | B566: ='Page 1 - General Information'!$G$16 -> 2562 | C566: 2022-06-30 | N566: COUNT | O566: =INDEX('Page 2 - Team Information'!$K$14:$AP$184,Y566,X566) -> 0 | S566: Football_B_V_ScheduledSpring | X566: 16 | Y566: 5
A567: ='Page 1 - General Information'!$G$12 -> 113362403 | B567: ='Page 1 - General Information'!$G$16 -> 2562 | C567: 2022-06-30 | N567: COUNT | O567: =INDEX('Page 2 - Team Information'!$K$14:$AP$184,Y567,X567) -> 10 | S567: Football_B_V_ScheduledTotal | X567: 17 | Y567: 5
A568: ='Page 1 - General Information'!$G$12 -> 113362403 | B568: ='Page 1 - General Information'!$G$16 -> 2562 | C568: 2022-06-30 | N568: COUNT | O568: =INDEX('Page 2 - Team Information'!$K$14:$AP$184,Y568,X568) -> 10 | S568: Football_B_V_PlayedFall | X568: 19 | Y568: 5
A569: ='Page 1 - General Information'!$G$12 -> 113362403 | B569: ='Page 1 - General Information'!$G$16 -> 2562 | C569: 2022-06-30 | N569: COUNT | O569: =INDEX('Page 2 - Team Information'!$K$14:$AP$184,Y569,X569) -> 0 | S569: Football_B_V_PlayedWinter | X569: 20 | Y569: 5
A570: ='Page 1 - General Information'!$G$12 -> 113362403 | B570: ='Page 1 - General Information'!$G$16 -> 2562 | C570: 2022-06-30 | N570: COUNT | O570: =INDEX('Page 2 - Team Information'!$K$14:$AP$184,Y570,X570) -> 0 | S570: Football_B_V_PlayedSpring | X570: 21 | Y570: 5
A571: ='Page 1 - General Information'!$G$12 -> 113362403 | B571: ='Page 1 - General Information'!$G$16 -> 2562 | C571: 2022-06-30 | N571: COUNT | O571: =INDEX('Page 2 - Team Information'!$K$14:$AP$184,Y571,X571) -> 10 | S571: Football_B_V_PlayedTotal | X571: 22 | Y571: 5
A572: ='Page 1 - General Information'!$G$12 -> 113362403 | B572: ='Page 1 - General Information'!$G$16 -> 2562 | C572: 2022-06-30 | N572: INDICATOR | R572: Y | S572: Golf_B_V_SeasonFall | V572: =INDEX('Page 2 - Team Information'!$K$14:$AP$184,Y572,X572) -> Yes | X572: 5 | Y572: 6
A573: ='Page 1 - General Information'!$G$12 -> 113362403 | B573: ='Page 1 - General Information'!$G$16 -> 2562 | C573: 2022-06-30 | N573: INDICATOR | R573: Y | S573: Golf_B_V_SeasonWinter | V573: =INDEX('Page 2 - Team Information'!$K$14:$AP$184,Y573,X573) -> 0 | X573: 6 | Y573: 6
A574: ='Page 1 - General Information'!$G$12 -> 113362403 | B574: ='Page 1 - General Information'!$G$16 -> 2562 | C574: 2022-06-30 | N574: INDICATOR | R574: Y | S574: Golf_B_V_SeasonSpring | V574: =INDEX('Page 2 - Team Information'!$K$14:$AP$184,Y574,X574) -> 0 | X574: 7 | Y574: 6
A575: ='Page 1 - General Information'!$G$12 -> 113362403 | B575: ='Page 1 - General Information'!$G$16 -> 2562 | C575: 2022-06-30 | N575: INDICATOR | R575: Y | S575: Golf_B_V_Established | T575: =IF(INDEX('Page 2 - Team Information'!$K$14:$AP$184,Y575,X575)="","",INDEX('Page 2 - Team Information'!$K$14:$AP$184,Y575,X575)&"-06-30") -> 1968-06-30 | X575: 9 | Y575: 6
A576: ='Page 1 - General Information'!$G$12 -> 113362403 | B576: ='Page 1 - General Information'!$G$16 -> 2562 | C576: 2022-06-30 | N576: INDICATOR | R576: Y | S576: Golf_B_V_Demotion | T576: =IF(INDEX('Page 2 - Team Information'!$K$14:$AP$184,Y576,X576)="","",INDEX('Page 2 - Team Information'!$K$14:$AP$184,Y576,X576)&"-06-30") | X576: 10 | Y576: 6
A577: ='Page 1 - General Information'!$G$12 -> 113362403 | B577: ='Page 1 - General Information'!$G$16 -> 2562 | C577: 2022-06-30 | N577: INDICATOR | R577: Y | S577: Golf_B_V_Elimination | T577: =IF(INDEX('Page 2 - Team Information'!$K$14:$AP$184,Y577,X577)="","",INDEX('Page 2 - Team Information'!$K$14:$AP$184,Y577,X577)&"-06-30") | X577: 11 | Y577: 6
A578: ='Page 1 - General Information'!$G$12 -> 113362403 | B578: ='Page 1 - General Information'!$G$16 -> 2562 | C578: 2022-06-30 | N578: INDICATOR | R578: Y | S578: Golf_B_V_Reinstatement | T578: =IF(INDEX('Page 2 - Team Information'!$K$14:$AP$184,Y578,X578)="","",INDEX('Page 2 - Team Information'!$K$14:$AP$184,Y578,X578)&"-06-30") | X578: 12 | Y578: 6
A579: ='Page 1 - General Information'!$G$12 -> 113362403 | B579: ='Page 1 - General Information'!$G$16 -> 2562 | C579: 2022-06-30 | N579: COUNT | O579: =INDEX('Page 2 - Team Information'!$K$14:$AP$184,Y579,X579) -> 6 | S579: Golf_B_V_ScheduledFall | X579: 14 | Y579: 6
A580: ='Page 1 - General Information'!$G$12 -> 113362403 | B580: ='Page 1 - General Information'!$G$16 -> 2562 | C580: 2022-06-30 | N580: COUNT | O580: =INDEX('Page 2 - Team Information'!$K$14:$AP$184,Y580,X580) -> 0 | S580: Golf_B_V_ScheduledWinter | X580: 15 | Y580: 6
A581: ='Page 1 - General Information'!$G$12 -> 113362403 | B581: ='Page 1 - General Information'!$G$16 -> 2562 | C581: 2022-06-30 | N581: COUNT | O581: =INDEX('Page 2 - Team Information'!$K$14:$AP$184,Y581,X581) -> 0 | S581: Golf_B_V_ScheduledSpring | X581: 16 | Y581: 6
A582: ='Page 1 - General Information'!$G$12 -> 113362403 | B582: ='Page 1 - General Information'!$G$16 -> 2562 | C582: 2022-06-30 | N582: COUNT | O582: =INDEX('Page 2 - Team Information'!$K$14:$AP$184,Y582,X582) -> 6 | S582: Golf_B_V_ScheduledTotal | X582: 17 | Y582: 6
...

Sheet PIMS LEA
A1: AUN | B1: LEA Name | C1: AUN | D1: LEA Type | E1: Full Address | F1: District Street Address | G1: District Address 2 | H1: District Address 3 | I1: District City | J1: State Code | K1: District Zip Code
A2: 000000000 | B2: [Make Selection From Drop-Down List ] | C2: 000000000 | E2: From Tony's Enrollment File 05_2022
A3: 124150002 | B3: 21st Century Cyber CS | C3: 124150002 | D3: CS
A4: 119350303 | B4: Abington Heights SD | C4: 119350303 | D4: SD
A5: 123460302 | B5: Abington SD | C5: 123460302 | D5: SD
A6: 125230001 | B6: Achievement House CS | C6: 125230001 | D6: CS
A7: 126510015 | B7: Ad Prima CS | C7: 126510015 | D7: CS
A8: 126510020 | B8: Agora Cyber CS | C8: 126510020 | D8: CS
A9: 101260303 | B9: Albert Gallatin Area SD | C9: 101260303 | D9: SD
A10: 127040503 | B10: Aliquippa SD | C10: 127040503 | D10: SD
A11: 103020603 | B11: Allegheny Valley SD | C11: 103020603 | D11: SD
A12: 106160303 | B12: Allegheny-Clarion Valley SD | C12: 106160303 | D12: SD
A13: 121390302 | B13: Allentown City SD | C13: 121390302 | D13: SD
A14: 126512990 | B14: Alliance for Progress CS | C14: 126512990 | D14: CS
... A659: 126512870 | B659: Youth Build Phila CS | C659: 126512870 | D659: CS

Sheet PIMS School
A1: AUN | B1: AUN Index | C1: Building Key | D1: Building Key 2 | E1: LEAInstName | F1: LEACategory | G1: LEAStatus | H1: SchoolBranchNum | I1: SchoolName | J1: SchoolBranchNum | K1: School MailingAddressLine2
A2: 124150002 | B2: 1 | C2: 1241500021 | D2: 12415000221st Century Cyber CS | E2: 21st Century Cyber CS | F2: CS | G2: 0000 | H2: 7691 | I2: 21st Century Cyber CS | J2: 7691 | K2: Tony's File 05_2022
A3: 119350303 | B3: 1 | C3: 1193503031 | D3: 119350303Abington Heights HS | E3: Abington Heights SD | F3: SD | G3: 0000 | H3: 5091 | I3: Abington Heights HS | J3: 5091
A4: 119350303 | B4: 2 | C4: 1193503032 | D4: 119350303Abington Heights MS | E4: Abington Heights SD | F4: SD | G4: 0000 | H4: 6839 | I4: Abington Heights MS | J4: 6839
A5: 123460302 | B5: 1 | C5: 1234603021 | D5: 123460302Abington JHS | E5: Abington SD | F5: SD | G5: 0000 | H5: 3242 | I5: Abington JHS | J5: 3242
A6: 123460302 | B6: 2 | C6: 1234603022 | D6: 123460302Abington SHS | E6: Abington SD | F6: SD | G6: 0000 | H6: 3241 | I6: Abington SHS | J6: 3241
A7: 125230001 | B7: 1 | C7: 1252300011 | D7: 125230001Achievement House CS | E7: Achievement House CS | F7: CS | G7: 0000 | H7: 7824 | I7: Achievement House CS | J7: 7824
A8: 126510015 | B8: 1 | C8: 1265100151 | D8: 126510015Ad Prima CS | E8: Ad Prima CS | F8: CS | G8: 0000 | H8: 7825 | I8: Ad Prima CS | J8: 7825
A9: 126510020 | B9: 1 | C9: 1265100201 | D9: 126510020Agora Cyber CS | E9: Agora Cyber CS | F9: CS | G9: 0000 | H9: 7858 | I9: Agora Cyber CS | J9: 7858
A10: 101260303 | B10: 1 | C10: 1012603031 | D10: 101260303Albert Gallatin Area SHS | E10: Albert Gallatin Area SD | F10: SD | G10: 0000 | H10: 6001 | I10: Albert Gallatin Area SHS | J10: 6001
A11: 101260303 | B11: 2 | C11: 1012603032 | D11: 101260303Albert Gallatin North MS | E11: Albert Gallatin Area SD | F11: SD | G11: 0000 | H11: 7607 | I11: Albert Gallatin North MS | J11: 7607
A12: 101260303 | B12: 3 | C12: 1012603033 | D12: 101260303Albert Gallatin South MS | E12: Albert Gallatin Area SD | F12: SD | G12: 0000 | H12: 7608 | I12: Albert Gallatin South MS | J12: 7608
A13: 127040503 | B13: 1 | C13: 1270405031 | D13: 127040503Aliquippa JSHS | E13: Aliquippa SD | F13: SD | G13: 0000 | H13: 8086 | I13: Aliquippa JSHS | J13: 8086
A14: 103020603 | B14: 1 | C14: 1030206031 | D14: 103020603Springdale JSHS | E14: Allegheny Valley SD | F14: SD | G14: 0000 | H14: 0029 | I14: Springdale JSHS | J14: 0029
... A1366: 126512870 | B1366: 1 | C1366: 1265128701 | D1366: 126512870Youth Build Phila CS | E1366: Youth Build Phila CS | F1366: CS | G1366: 0000 | H1366: 7513 | I1366: Youth Build Phila CS | J1366: 7513

Sheet Enrollment Report
B2: 007 | C2: 007 | D2: 008 | E2: 008 | F2: 009 | G2: 009 | H2: 010 | I2: 010 | J2: 011 | K2: 011 | L2: 012 | M2: 012 | N2: Grand Total | P2: From Tony's Enrollment File 05_2022
A3: Key | B3: Female | C3: Male | D3: Female | E3: Male | F3: Female | G3: Male | H3: Female | I3: Male | J3: Female | K3: Male | L3: Female | M3: Male
A4: 1005100007744 | B4: 80 | C4: 83 | D4: 83 | E4: 71 | F4: 49 | G4: 60 | H4: 53 | I4: 49 | J4: 47 | K4: 51 | L4: 52 | M4: 42 | N4: 720
A5: 1012603036001 | F5: 117 | G5: 121 | H5: 146 | I5: 132 | J5: 119 | K5: 135 | L5: 106 | M5: 123 | N5: 999
A6: 1012603037607 | B6: 62 | C6: 55 | D6: 69 | E6: 53 | N6: 239
A7: 1012603037608 | B7: 65 | C7: 62 | D7: 54 | E7: 61 | N7: 242
A8: 1012608032154 | B8: 57 | C8: 71 | D8: 58 | E8: 58 | N8: 244
A9: 1012608034818 | F9: 65 | G9: 78 | H9: 58 | I9: 51 | J9: 42 | K9: 49 | L9: 52 | M9: 49 | N9: 444
A10: 1012613022105 | B10: 145 | C10: 158 | D10: 175 | E10: 167 | N10: 645
A11: 1012613025228 | F11: 172 | G11: 200 | H11: 161 | I11: 173 | J11: 114 | K11: 104 | L11: 102 | M11: 110 | N11: 1136
A12: 1012629032126 | F12: 34 | G12: 41 | H12: 37 | I12: 42 | J12: 32 | K12: 36 | L12: 46 | M12: 40 | N12: 308
A13: 1012629037176 | B13: 47 | C13: 42 | D13: 42 | E13: 48 | N13: 179
A14: 1012640035146 | B14: 92 | C14: 119 | D14: 101 | E14: 103 | N14: 415
A15: 1012640036600 | F15: 125 | G15: 116 | H15: 100 | I15: 119 | J15: 102 | K15: 117 | L15: 95 | M15: 105 | N15: 879
A16: 1012660076643 | F16: 42 | G16: 81 | H16: 57 | I16: 87 | J16: 46 | K16: 91 | L16: 32 | M16: 56 | N16: 492
A17: 1012680032182 | B17: 41 | C17: 59 | D17: 39 | E17: 30 | N17: 169
A18: 1012680032184 | F18: 111 | G18: 128 | H18: 97 | I18: 89 | J18: 86 | K18: 73 | L18: 75 | M18: 67 | N18: 726
A19: 1012680036933 | B19: 28 | C19: 35 | D19: 31 | E19: 21 | G19: 1 | N19: 116
A20: 1012680037934 | B20: 34 | C20: 37 | D20: 30 | E20: 32 | N20: 133
A21: 1013013037112 | F21: 44 | G21: 44 | H21: 36 | I21: 30 | J21: 42 | K21: 37 | L21: 34 | M21: 40 | N21: 307
A22: 1013013038345 | B22: 30 | C22: 38 | D22: 36 | E22: 35 | N22: 139
A23: 1013014035118 | F23: 58 | G23: 67 | H23: 64 | I23: 65 | J23: 55 | K23: 70 | L23: 66 | M23: 56 | N23: 501
A24: 1013014036010 | B24: 57 | C24: 59 | D24: 48 | E24: 78 | N24: 242
A25: 1013035032280 | B25: 24 | C25: 32 | D25: 29 | E25: 32 | F25: 28 | G25: 33 | H25: 24 | I25: 34 | J25: 20 | K25: 30 | L25: 26 | M25: 29 | N25: 341
A26: 1013065032284 | B26: 16 | C26: 22 | D26: 27 | E26: 26 | F26: 22 | G26: 26 | H26: 22 | I26: 30 | J26: 19 | K26: 23 | L26: 22 | M26: 18 | N26: 273
A27: 1013085038442 | B27: 19 | C27: 27 | D27: 20 | E27: 38 | F27: 26 | G27: 29 | H27: 26 | I27: 34 | J27: 18 | K27: 28 | L27: 23 | M27: 19 | N27: 307
A28: 1016305044165 | B28: 18 | C28: 15 | D28: 12 | E28: 26 | F28: 14 | G28: 21 | H28: 16 | I28: 25 | J28: 22 | K28: 19 | L28: 20 | M28: 21 | N28: 229
A29: 1016309034188 | F29: 39 | G29: 46 | H29: 41 | I29: 54 | J29: 53 | K29: 36 | L29: 38 | M29: 37 | N29: 344
A30: 1016309037988 | B30: 53 | C30: 45 | D30: 42 | E30: 45 | N30: 185
A31: 1016310034181 | F31: 32 | G31: 43 | H31: 34 | I31: 40 | J31: 46 | K31: 35 | L31: 42 | M31: 51 | N31: 323
A32: 1016310035267 | B32: 37 | C32: 43 | D32: 43 | E32: 39 | N32: 162
A33: 1016312034195 | B33: 41 | C33: 26 | D33: 44 | E33: 37 | F33: 33 | G33: 46 | H33: 35 | I33: 52 | J33: 37 | K33: 27 | L33: 37 | M33: 34 | N33: 449
A34: 1016315034203 | F34: 34 | G34: 33 | H34: 34 | I34: 32 | J34: 33 | K34: 39 | L34: 44 | M34: 28 | N34: 277
A35: 1016315036939 | B35: 39 | C35: 41 | D35: 37 | E35: 34 | N35: 151
A36: 1016317034217 | F36: 221 | G36: 186 | H36: 206 | I36: 202 | J36: 193 | K36: 199 | L36: 191 | M36: 226 | N36: 1624
A37: 1016317037217 | B37: 217 | C37: 194 | D37: 217 | E37: 253 | N37: 881
A38: 1016318034715 | F38: 50 | G38: 70 | H38: 73 | I38: 57 | J38: 65 | K38: 54 | L38: 37 | M38: 52 | N38: 458
A39: 1016318037157 | B39: 54 | C39: 48 | D39: 60 | E39: 64 | N39: 226
A40: 1016319034235 | B40: 48 | C40: 37 | D40: 37 | E40: 45 | F40: 37 | G40: 44 | H40: 35 | I40: 46 | J40: 31 | K40: 41 | L40: 38 | M40: 52 | N40: 491
A41: 1016324034242 | B41: 34 | C41: 29 | D41: 25 | E41: 36 | F41: 49 | G41: 48 | H41: 49 | I41: 41 | J41: 36 | K41: 29 | L41: 30 | M41: 38 | N41: 444
A42: 1016339034249 | F42: 72 | G42: 69 | H42: 53 | I42: 53 | J42: 65 | K42: 66 | L42: 54 | M42: 50 | N42: 482
A43: 1016339036976 | B43: 57 | C43: 66 | D43: 56 | E43: 62 | N43: 241
A44: 1016365035083 | F44: 174 | G44: 163 | H44: 137 | I44: 164 | J44: 157 | K44: 140 | L44: 169 | M44: 191 | N44: 1295
A45: 1016365038488 | B45: 149 | C45: 145 | D45: 128 | E45: 166 | N45: 588
A46: 1016370027019 | F46: 109 | G46: 158 | H46: 113 | I46: 102 | J46: 93 | K46: 104 | L46: 87 | M46: 72 | N46: 838
A47: 1016370028103 | B47: 96 | C47: 123 | D47: 112 | E47: 107 | N47: 438
A48: 1016380036012 | F48: 129 | G48: 148 | H48: 145 | I48: 118 | J48: 131 | K48: 127 | L48: 121 | M48: 140 | N48: 1059
A49: 1016380036638 | B49: 115 | C49: 116 | D49: 128 | E49: 130 | N49: 489
A50: 1016388034286 | F50: 53 | G50: 58 | H50: 46 | I50: 60 | J50: 64 | K50: 51 | L50: 41 | M50: 45 | N50: 418
A51: 1016388036912 | B51: 61 | C51: 52 | D51: 47 | E51: 59 | N51: 219
A52: 1018334007635 | B52: 19 | C52: 19 | D52: 13 | E52: 25 | F52: 16 | G52: 21 | H52: 20 | I52: 17 | J52: 17 | K52: 20 | L52: 16 | M52: 23 | N52: 226
A53: 1020200017727 | F53: 94 | G53: 86 | H53: 67 | I53: 50 | J53: 67 | K53: 72 | L53: 73 | M53: 68 | N53: 577
A54: 1020200037846 | D54: 3 | E54: 2 | F54: 5 | G54: 5 | H54: 12 | I54: 12 | J54: 4 | K54: 15 | L54: 13 | M54: 13 | N54: 84
A55: 1020230307549 | B55: 19 | C55: 21 | D55: 24 | E55: 18 | N55: 82
A56: 1020230807562 | B56: 21 | C56: 29 | D56: 23 | E56: 23 | F56: 21 | G56: 27 | H56: 18 | I56: 23 | J56: 15 | K56: 13 | L56: 20 | M56: 11 | N56: 244
A57: 1020232178308 | F57: 1 | G57: 1 | H57: 2 | I57: 4 | J57: 19 | K57: 17 | L57: 26 | M57: 31 | N57: 101
A58: 1020274510326 | B58: 24 | C58: 28 | D58: 27 | E58: 32 | N58: 111
A59: 1020274510365 | B59: 20 | C59: 26 | D59: 33 | E59: 23 | N59: 102
A60: 1020274510379 | B60: 34 | C60: 40 | D60: 35 | E60: 47 | N60: 156
A61: 1020274510409 | F61: 183 | G61: 247 | H61: 164 | I61: 166 | J61: 164 | K61: 192 | L61: 149 | M61: 150 | N61: 1415
A62: 1020274510412 | F62: 121 | G62: 104 | H62: 87 | I62: 97 | J62: 61 | K62: 80 | L62: 45 | M62: 43 | N62: 638
A63: 1020274510416 | F63: 54 | G63: 56 | H63: 33 | I63: 49 | J63: 37 | K63: 41 | L63: 34 | M63: 31 | N63: 335
A64: 1020274516022 | B64: 29 | C64: 38 | D64: 24 | E64: 49 | N64: 140
A65: 1020274516028 | B65: 22 | C65: 26 | D65: 19 | E65: 23 | N65: 90
A66: 1020274516047 | B66: 2 | C66: 5 | D66: 3 | E66: 12 | F66: 5 | G66: 15 | H66: 6 | I66: 15 | J66: 8 | K66: 13 | L66: 5 | M66: 8 | N66: 97
A67: 1020274516664 | B67: 1 | C67: 6 | D67: 1 | E67: 1 | F67: 1 | G67: 3 | H67: 2 | I67: 3 | J67: 1 | K67: 2 | L67: 8 | M67: 6 | N67: 35
A68: 1020274516811 | B68: 4 | C68: 11 | D68: 1 | E68: 7 | F68: 4 | G68: 8 | H68: 6 | I68: 10 | J68: 4 | K68: 11 | L68: 16 | M68: 38 | N68: 120
A69: 1020274516915 | F69: 132 | G69: 143 | H69: 127 | I69: 148 | J69: 142 | K69: 146 | L69: 113 | M69: 144 | N69: 1095
A70: 1020274517039 | B70: 43 | C70: 51 | D70: 52 | E70: 47 | N70: 193
A71: 1020274517616 | B71: 27 | C71: 21 | D71: 28 | E71: 27 | N71: 103
A72: 1020274517692 | B72: 36 | C72: 36 | D72: 42 | E72: 51 | N72: 165
A73: 1020274517693 | B73: 55 | C73: 51 | D73: 54 | E73: 75 | N73: 235
A74: 1020274517868 | B74: 22 | C74: 26 | D74: 22 | E74: 17 | N74: 87
A75: 1020274517871 | B75: 14 | C75: 13 | D75: 4 | E75: 8 | N75: 39
A76: 1020274517878 | B76: 14 | C76: 20 | D76: 23 | E76: 23 | N76: 80
A77: 1020274517880 | B77: 20 | C77: 16 | D77: 19 | E77: 11 | N77: 66
A78: 1020274517881 | B78: 12 | C78: 18 | D78: 14 | E78: 11 | N78: 55
A79: 1020274517884 | B79: 12 | C79: 10 | D79: 13 | E79: 16 | N79: 51
A80: 1020274517886 | B80: 27 | C80: 20 | D80: 29 | E80: 23 | N80: 99
A81: 1020274517888 | B81: 69 | C81: 78 | D81: 62 | E81: 65 | N81: 274
A82: 1020274518105 | B82: 60 | C82: 62 | D82: 63 | E82: 52 | F82: 72 | G82: 54 | H82: 75 | I82: 63 | J82: 64 | K82: 37 | L82: 75 | M82: 34 | N82: 711
A83: 1020274518106 | B83: 71 | C83: 33 | D83: 84 | E83: 41 | F83: 92 | G83: 42 | H83: 94 | I83: 35 | J83: 95 | K83: 39 | L83: 90 | M83: 29 | N83: 745
A84: 1020274518107 | B84: 21 | C84: 31 | D84: 17 | E84: 36 | F84: 49 | G84: 86 | H84: 34 | I84: 64 | J84: 39 | K84: 61 | L84: 40 | M84: 58 | N84: 536
A85: 1020274518110 | B85: 15 | C85: 14 | D85: 11 | E85: 17 | F85: 28 | G85: 37 | H85: 28 | I85: 42 | J85: 28 | K85: 27 | L85: 26 | M85: 39 | N85: 312
A86: 1020274518203 | B86: 39 | C86: 40 | D86: 39 | E86: 50 | F86: 43 | G86: 62 | H86: 62 | I86: 71 | J86: 63 | K86: 54 | L86: 44 | M86: 54 | N86: 621
A87: 1020274518255 | B87: 19 | C87: 28 | D87: 25 | E87: 32 | N87: 104
A88: 1020274518300 | B88: 7 | C88: 13 | D88: 12 | E88: 13 | F88: 7 | G88: 10 | H88: 13 | I88: 9 | J88: 7 | K88: 7 | L88: 17 | M88: 11 | N88: 126
A89: 1020275608362 | B89: 10 | C89: 31 | D89: 19 | E89: 22 | N89: 82
A90: 1030200027772 | B90: 29 | C90: 16 | D90: 20 | E90: 19 | F90: 24 | G90: 21 | H90: 36 | I90: 24 | J90: 16 | K90: 17 | L90: 18 | M90: 18 | N90: 258
A91: 1030200037831 | B91: 18 | C91: 21 | D91: 24 | E91: 13 | N91: 76
A92: 1030200047832 | B92: 26 | C92: 41 | D92: 32 | E92: 36 | F92: 32 | G92: 45 | H92: 20 | I92: 26 | J92: 31 | K92: 18 | L92: 13 | M92: 13 | N92: 333
A93: 1030200057848 | B93: 24 | C93: 20 | D93: 16 | E93: 19 | N93: 79
A94: 1030203688337 | B94: 6 | C94: 7 | D94: 8 | E94: 9 | N94: 30
A95: 1030206030029 | B95: 18 | C95: 43 | D95: 34 | E95: 38 | F95: 27 | G95: 37 | H95: 32 | I95: 34 | J95: 29 | K95: 25 | L95: 32 | M95: 40 | N95: 389
A96: 1030207535199 | F96: 76 | G96: 62 | H96: 75 | I96: 82 | J96: 44 | K96: 71 | L96: 60 | M96: 64 | N96: 534
A97: 1030207537669 | B97: 70 | C97: 70 | D97: 61 | E97: 86 | N97: 287
A98: 1030210030314 | B98: 194 | C98: 174 | D98: 181 | E98: 173 | N98: 722
A99: 1030210030315 | F99: 196 | G99: 177 | H99: 145 | I99: 192 | J99: 164 | K99: 178 | L99: 190 | M99: 189 | N99: 1431
A100: 1030211020050 | B100: 153 | C100: 161 | D100: 180 | E100: 135 | F100: 134 | G100: 167 | H100: 172 | I100: 168 | J100: 169 | K100: 177 | L100: 171 | M100: 194 | N100: 1981
A101: 1030212520061 | B101: 129 | C101: 146 | D101: 159 | E101: 175 | N101: 609
...

Sheet Race Data
B1: Tony's File 05_2022
B2: 1 | C2: 2 | D2: 3 | E2: 4 | F2: 5 | G2: 6 | H2: 7 | I2: 8 | J2: 9 | K2: 10 | L2: 11 | M2: 12 | N2: 13 | O2: 14
B3: KEY | C3: AUN | D3: LEA | E3: School | F3: Bld # | G3: Gender | H3: American Indian/Alaskan Native | I3: Black/African American (Not Hispanic) | J3: Hispanic (Any Race) | K3: White/Caucasian (Not Hispanic) | L3: Multi-Racial (Not Hispanic) | M3: Asian (Not Hispanic) | N3: Native Hawaiian or Other Pacific Islander (Not Hispanic) | O3: Total
B4: 1241500027691Male | C4: 124150002 | D4: 21st Century Cyber CS | E4: 21st Century Cyber CS | F4: 7691 | G4: Male | H4: * | I4: 85 | J4: 52 | K4: 437 | L4: 38 | M4: * | N4: 0 | O4: 628
B5: 1241500027691Female | C5: 124150002 | D5: 21st Century Cyber CS | E5: 21st Century Cyber CS | F5: 7691 | G5: Female | H5: * | I5: 114 | J5: 78 | K5: 560 | L5: 66 | M5: 16 | N5: * | O5: 838
B6: 1241500027691Total | C6: 124150002 | D6: 21st Century Cyber CS | E6: 21st Century Cyber CS Total | F6: 7691 | G6: Total | H6: * | I6: 199 | J6: 130 | K6: 997 | L6: 104 | M6: * | N6: * | O6: 1466
B7: 1193503035091Male | C7: 119350303 | D7: Abington Heights SD | E7: Abington Heights HS | F7: 5091 | G7: Male | H7: * | I7: 14 | J7: 27 | K7: 519 | L7: * | M7: 35 | N7: 0 | O7: 601
B8: 1193503035091Female | C8: 119350303 | D8: Abington Heights SD | E8: Abington Heights HS | F8: 5091 | G8: Female | H8: * | I8: * | J8: 23 | K8: 401 | L8: * | M8: 40 | N8: 0 | O8: 481
B9: 1193503035091Total | C9: 119350303 | D9: Abington Heights SD | E9: Abington Heights HS Total | F9: 5091 | G9: Total | H9: * | I9: * | J9: 50 | K9: 920 | L9: * | M9: 75 | N9: 0 | O9: 1082
B10: 1193503036839Male | C10: 119350303 | D10: Abington Heights SD | E10: Abington Heights MS | F10: 6839 | G10: Male | H10: 0 | I10: * | J10: 15 | K10: 246 | L10: * | M10: * | N10: 0 | O10: 280
B11: 1193503036839Female | C11: 119350303 | D11: Abington Heights SD | E11: Abington Heights MS | F11: 6839 | G11: Female | H11: 0 | I11: * | J11: 14 | K11: 238 | L11: * | M11: 16 | N11: 0 | O11: 281
B12: 1193503036839Total | C12: 119350303 | D12: Abington Heights SD | E12: Abington Heights MS Total | F12: 6839 | G12: Total | H12: * | I12: 12 | J12: 29 | K12: 484 | L12: 12 | M12: * | N12: * | O12: 561
B13: 1234603023242Male | C13: 123460302 | D13: Abington SD | E13: Abington JHS | F13: 3242 | G13: Male | H13: * | I13: 215 | J13: 107 | K13: 606 | L13: 70 | M13: * | N13: 0 | O13: 1062
B14: 1234603023242Female | C14: 123460302 | D14: Abington SD | E14: Abington JHS | F14: 3242 | G14: Female | H14: 0 | I14: 176 | J14: 109 | K14: 544 | L14: 64 | M14: * | N14: * | O14: 955
B15: 1234603023242Total | C15: 123460302 | D15: Abington SD | E15: Abington JHS Total | F15: 3242 | G15: Total | H15: * | I15: 391 | J15: 216 | K15: 1150 | L15: 134 | M15: 123 | N15: * | O15: 2017
B16: 1234603023241Male | C16: 123460302 | D16: Abington SD | E16: Abington SHS | F16: 3241 | G16: Male | H16: * | I16: 187 | J16: 95 | K16: 619 | L16: * | M16: 58 | N16: 0 | O16: 1014
B17: 1234603023241Female | C17: 123460302 | D17: Abington SD | E17: Abington SHS | F17: 3241 | G17: Female | H17: * | I17: 208 | J17: 94 | K17: 529 | L17: * | M17: 55 | N17: 0 | O17: 940
B18: 1234603023241Total | C18: 123460302 | D18: Abington SD | E18: Abington SHS Total | F18: 3241 | G18: Total | H18: * | I18: 395 | J18: 189 | K18: 1148 | L18: * | M18: 113 | N18: 0 | O18: 1954
B19: 1252300017824Male | C19: 125230001 | D19: Achievement House CS | E19: Achievement House CS | F19: 7824 | G19: Male | H19: * | I19: 101 | J19: 54 | K19: 231 | L19: 12 | M19: * | N19: 0 | O19: 407
B20: 1252300017824Female | C20: 125230001 | D20: Achievement House CS | E20: Achievement House CS | F20: 7824 | G20: Female | H20: * | I20: 134 | J20: 92 | K20: 238 | L20: 14 | M20: 13 | N20: * | O20: 500
B21: 1252300017824Total | C21: 125230001 | D21: Achievement House CS | E21: Achievement House CS Total | F21: 7824 | G21: Total | H21: * | I21: 235 | J21: 146 | K21: 469 | L21: 26 | M21: * | N21: * | O21: 907
B22: 1265100157825Male | C22: 126510015 | D22: Ad Prima CS | E22: Ad Prima CS | F22: 7825 | G22: Male | H22: 0 | I22: 61 | J22: * | K22: * | L22: * | M22: 0 | N22: 0 | O22: 66
B23: 1265100157825Female | C23: 126510015 | D23: Ad Prima CS | E23: Ad Prima CS | F23: 7825 | G23: Female | H23: 0 | I23: 62 | J23: * | K23: 0 | L23: * | M23: * | N23: 0 | O23: 68
B24: 1265100157825Total | C24: 126510015 | D24: Ad Prima CS | E24: Ad Prima CS Total | F24: 7825 | G24: Total | H24: 0 | I24: 123 | J24: * | K24: * | L24: * | M24: * | N24: 0 | O24: 134
B25: 1265100207858Male | C25: 126510020 | D25: Agora Cyber CS | E25: Agora Cyber CS | F25: 7858 | G25: Male | H25: * | I25: 497 | J25: 201 | K25: 882 | L25: 63 | M25: 19 | N25: * | O25: 1677
B26: 1265100207858Female | C26: 126510020 | D26: Agora Cyber CS | E26: Agora Cyber CS | F26: 7858 | G26: Female | H26: * | I26: 540 | J26: 221 | K26: 836 | L26: 79 | M26: 33 | N26: * | O26: 1721
B27: 1265100207858Total | C27: 126510020 | D27: Agora Cyber CS | E27: Agora Cyber CS Total | F27: 7858 | G27: Total | H27: * | I27: 1037 | J27: 422 | K27: 1718 | L27: 142 | M27: 52 | N27: * | O27: 3398
B28: 1012603036001Male | C28: 101260303 | D28: Albert Gallatin Area SD | E28: Albert Gallatin Area SHS | F28: 6001 | G28: Male | H28: 0 | I28: 19 | J28: * | K28: 466 | L28: 23 | M28: * | N28: 0 | O28: 511
B29: 1012603036001Female | C29: 101260303 | D29: Albert Gallatin Area SD | E29: Albert Gallatin Area SHS | F29: 6001 | G29: Female | H29: 0 | I29: 17 | J29: * | K29: 446 | L29: 20 | M29: * | N29: 0 | O29: 488
B30: 1012603036001Total | C30: 101260303 | D30: Albert Gallatin Area SD | E30: Albert Gallatin Area SHS Total | F30: 6001 | G30: Total | H30: 0 | I30: 36 | J30: * | K30: 912 | L30: 43 | M30: * | N30: 0 | O30: 999
B31: 1012603037607Male | C31: 101260303 | D31: Albert Gallatin Area SD | E31: Albert Gallatin North MS | F31: 7607 | G31: Male | H31: 0 | I31: * | J31: 0 | K31: 97 | L31: * | M31: 0 | N31: 0 | O31: 108
B32: 1012603037607Female | C32: 101260303 | D32: Albert Gallatin Area SD | E32: Albert Gallatin North MS | F32: 7607 | G32: Female | H32: 0 | I32: * | J32: * | K32: 116 | L32: * | M32: 0 | N32: 0 | O32: 131
B33: 1012603037607Total | C33: 101260303 | D33: Albert Gallatin Area SD | E33: Albert Gallatin North MS Total | F33: 7607 | G33: Total | H33: 0 | I33: 14 | J33: * | K33: 213 | L33: * | M33: 0 | N33: 0 | O33: 239
B34: 1012603037608Male | C34: 101260303 | D34: Albert Gallatin Area SD | E34: Albert Gallatin South MS | F34: 7608 | G34: Male | H34: 0 | I34: * | J34: * | K34: 111 | L34: * | M34: 0 | N34: 0 | O34: 123
B35: 1012603037608Female | C35: 101260303 | D35: Albert Gallatin Area SD | E35: Albert Gallatin South MS | F35: 7608 | G35: Female | H35: 0 | I35: * | J35: 0 | K35: 116 | L35: * | M35: 0 | N35: 0 | O35: 119
B36: 1012603037608Total | C36: 101260303 | D36: Albert Gallatin Area SD | E36: Albert Gallatin South MS Total | F36: 7608 | G36: Total | H36: 0 | I36: * | J36: * | K36: 227 | L36: * | M36: 0 | N36: 0 | O36: 242
B37: 1270405038086Male | C37: 127040503 | D37: Aliquippa SD | E37: Aliquippa JSHS | F37: 8086 | G37: Male | H37: 0 | I37: 179 | J37: 20 | K37: 37 | L37: 17 | M37: 0 | N37: 0 | O37: 253
B38: 1270405038086Female | C38: 127040503 | D38: Aliquippa SD | E38: Aliquippa JSHS | F38: 8086 | G38: Female | H38: 0 | I38: 157 | J38: * | K38: 30 | L38: * | M38: 0 | N38: 0 | O38: 222
B39: 1270405038086Total | C39: 127040503 | D39: Aliquippa SD | E39: Aliquippa JSHS Total | F39: 8086 | G39: Total | H39: 0 | I39: 336 | J39: * | K39: 67 | L39: * | M39: 0 | N39: 0 | O39: 475
B40: 1030206030029Male | C40: 103020603 | D40: Allegheny Valley SD | E40: Springdale JSHS | F40: 0029 | G40: Male | H40: 0 | I40: * | J40: * | K40: 200 | L40: * | M40: * | N40: 0 | O40: 217
B41: 1030206030029Female | C41: 103020603 | D41: Allegheny Valley SD | E41: Springdale JSHS | F41: 0029 | G41: Female | H41: * | I41: * | J41: * | K41: 158 | L41: * | M41: * | N41: 0 | O41: 172
B42: 1030206030029Total | C42: 103020603 | D42: Allegheny Valley SD | E42: Springdale JSHS Total | F42: 0029 | G42: Total | H42: * | I42: * | J42: * | K42: 358 | L42: 13 | M42: * | N42: 0 | O42: 389
B43: 1061603034664Male | C43: 106160303 | D43: Allegheny-Clarion Valley SD | E43: Allegheny-Clarion Valley HS | F43: 4664 | G43: Male | H43: 0 | I43: 0 | J43: 0 | K43: * | L43: * | M43: 0 | N43: 0 | O43: 136
B44: 1061603034664Female | C44: 106160303 | D44: Allegheny-Clarion Valley SD | E44: Allegheny-Clarion Valley HS | F44: 4664 | G44: Female | H44: 0 | I44: 0 | J44: 0 | K44: * | L44: * | M44: 0 | N44: 0 | O44: 124
B45: 1061603034664Total | C45: 106160303 | D45: Allegheny-Clarion Valley SD | E45: Allegheny-Clarion Valley HS Total | F45: 4664 | G45: Total | H45: 0 | I45: 0 | J45: 0 | K45: * | L45: * | M45: 0 | N45: 0 | O45: 260
B46: 1213903028412Male | C46: 121390302 | D46: Allentown City SD | E46: Building 21 Allentown | F46: 8412 | G46: Male | H46: 0 | I46: 24 | J46: 162 | K46: 20 | L46: * | M46: 0 | N46: * | O46: 219
B47: 1213903028412Female | C47: 121390302 | D47: Allentown City SD | E47: Building 21 Allentown | F47: 8412 | G47: Female | H47: 0 | I47: 44 | J47: 157 | K47: * | L47: * | M47: 0 | N47: 0 | O47: 227
B48: 1213903028412Total | C48: 121390302 | D48: Allentown City SD | E48: Building 21 Allentown Total | F48: 8412 | G48: Total | H48: 0 | I48: 68 | J48: 319 | K48: * | L48: * | M48: 0 | N48: * | O48: 446
B49: 1213903022792Male | C49: 121390302 | D49: Allentown City SD | E49: Francis D Raub MS | F49: 2792 | G49: Male | H49: * | I49: 48 | J49: 266 | K49: 11 | L49: 20 | M49: * | N49: * | O49: 352
B50: 1213903022792Female | C50: 121390302 | D50: Allentown City SD | E50: Francis D Raub MS | F50: 2792 | G50: Female | H50: 0 | I50: 50 | J50: 249 | K50: * | L50: 12 | M50: * | N50: 0 | O50: 325
B51: 1213903022792Total | C51: 121390302 | D51: Allentown City SD | E51: Francis D Raub MS Total | F51: 2792 | G51: Total | H51: * | I51: 98 | J51: 515 | K51: * | L51: 32 | M51: * | N51: * | O51: 677
B52: 1213903022791Male | C52: 121390302 | D52: Allentown City SD | E52: Harrison-Morton MS | F52: 2791 | G52: Male | H52: 0 | I52: 36 | J52: 216 | K52: 24 | L52: * | M52: * | N52: 0 | O52: 291
B53: 1213903022791Female | C53: 121390302 | D53: Allentown City SD | E53: Harrison-Morton MS | F53: 2791 | G53: Female | H53: * | I53: 31 | J53: 179 | K53: 29 | L53: * | M53: * | N53: * | O53: 252
B54: 1213903022791Total | C54: 121390302 | D54: Allentown City SD | E54: Harrison-Morton MS Total | F54: 2791 | G54: Total | H54: * | I54: 67 | J54: 395 | K54: 53 | L54: 23 | M54: * | N54: * | O54: 543
B55: 1213903022795Male | C55: 121390302 | D55: Allentown City SD | E55: Louis E Dieruff HS | F55: 2795 | G55: Male | H55: * | I55: 132 | J55: 774 | K55: 103 | L55: 31 | M55: 11 | N55: * | O55: 1054
B56: 1213903022795Female | C56: 121390302 | D56: Allentown City SD | E56: Louis E Dieruff HS | F56: 2795 | G56: Female | H56: * | I56: 94 | J56: 604 | K56: 93 | L56: 25 | M56: * | N56: * | O56: 826
B57: 1213903022795Total | C57: 121390302 | D57: Allentown City SD | E57: Louis E Dieruff HS Total | F57: 2795 | G57: Total | H57: * | I57: 226 | J57: 1378 | K57: 196 | L57: 56 | M57: * | N57: * | O57: 1880
B58: 1213903022793Male | C58: 121390302 | D58: Allentown City SD | E58: South Mountain MS | F58: 2793 | G58: Male | H58: 0 | I58: 57 | J58: 319 | K58: 26 | L58: 13 | M58: * | N58: * | O58: 420
B59: 1213903022793Female | C59: 121390302 | D59: Allentown City SD | E59: South Mountain MS | F59: 2793 | G59: Female | H59: 0 | I59: 47 | J59: 252 | K59: 28 | L59: * | M59: * | N59: 0 | O59: 355
B60: 1213903022793Total | C60: 121390302 | D60: Allentown City SD | E60: South Mountain MS Total | F60: 2793 | G60: Total | H60: 0 | I60: 104 | J60: 571 | K60: 54 | L60: * | M60: * | N60: * | O60: 775
B61: 1213903024929Male | C61: 121390302 | D61: Allentown City SD | E61: Trexler MS | F61: 4929 | G61: Male | H61: 0 | I61: 33 | J61: 240 | K61: 24 | L61: * | M61: 0 | N61: * | O61: 306
B62: 1213903024929Female | C62: 121390302 | D62: Allentown City SD | E62: Trexler MS | F62: 4929 | G62: Female | H62: 0 | I62: 30 | J62: 181 | K62: 17 | L62: * | M62: * | N62: 0 | O62: 243
B63: 1213903024929Total | C63: 121390302 | D63: Allentown City SD | E63: Trexler MS Total | F63: 4929 | G63: Total | H63: 0 | I63: 63 | J63: 421 | K63: 41 | L63: * | M63: * | N63: * | O63: 549
B64: 1213903022794Male | C64: 121390302 | D64: Allentown City SD | E64: William Allen HS | F64: 2794 | G64: Male | H64: * | I64: 188 | J64: 1092 | K64: 127 | L64: 54 | M64: 16 | N64: * | O64: 1483
B65: 1213903022794Female | C65: 121390302 | D65: Allentown City SD | E65: William Allen HS | F65: 2794 | G65: Female | H65: 0 | I65: 202 | J65: 956 | K65: 89 | L65: 54 | M65: * | N65: * | O65: 1321
B66: 1213903022794Total | C66: 121390302 | D66: Allentown City SD | E66: William Allen HS Total | F66: 2794 | G66: Total | H66: * | I66: 390 | J66: 2048 | K66: 216 | L66: 108 | M66: * | N66: * | O66: 2804
B67: 1265129907543Male | C67: 126512990 | D67: Alliance for Progress CS | E67: Alliance for Progress CS | F67: 7543 | G67: Male | H67: 0 | I67: 45 | J67: * | K67: 0 | L67: * | M67: 0 | N67: 0 | O67: 50
B68: 1265129907543Female | C68: 126512990 | D68: Alliance for Progress CS | E68: Alliance for Progress CS | F68: 7543 | G68: Female | H68: * | I68: 44 | J68: * | K68: * | L68: 0 | M68: 0 | N68: 0 | O68: 48
B69: 1265129907543Total | C69: 126512990 | D69: Alliance for Progress CS | E69: Alliance for Progress CS Total | F69: 7543 | G69: Total | H69: * | I69: 89 | J69: * | K69: * | L69: * | M69: 0 | N69: 0 | O69: 98
B70: 1080705020913Male | C70: 108070502 | D70: Altoona Area SD | E70: Altoona Area HS | F70: 0913 | G70: Male | H70: 0 | I70: 114 | J70: 26 | K70: 999 | L70: * | M70: * | N70: 0 | O70: 1155
B71: 1080705020913Female | C71: 108070502 | D71: Altoona Area SD | E71: Altoona Area HS | F71: 0913 | G71: Female | H71: * | I71: 101 | J71: 21 | K71: 922 | L71: * | M71: * | N71: * | O71: 1069
B72: 1080705020913Total | C72: 108070502 | D72: Altoona Area SD | E72: Altoona Area HS Total | F72: 0913 | G72: Total | H72: * | I72: 215 | J72: 47 | K72: 1921 | L72: 18 | M72: 17 | N72: * | O72: 2224
B73: 1080705027986Male | C73: 108070502 | D73: Altoona Area SD | E73: Altoona Area Jr HS | F73: 7986 | G73: Male | H73: * | I73: 68 | J73: 11 | K73: 515 | L73: * | M73: * | N73: 0 | O73: 604
B74: 1080705027986Female | C74: 108070502 | D74: Altoona Area SD | E74: Altoona Area Jr HS | F74: 7986 | G74: Female | H74: 0 | I74: 61 | J74: 14 | K74: 495 | L74: * | M74: * | N74: 0 | O74: 579
B75: 1080705027986Total | C75: 108070502 | D75: Altoona Area SD | E75: Altoona Area Jr HS Total | F75: 7986 | G75: Total | H75: * | I75: 129 | J75: 25 | K75: 1010 | L75: * | M75: * | N75: 0 | O75: 1183
B76: 1270407036555Male | C76: 127040703 | D76: Ambridge Area SD | E76: Ambridge Area HS | F76: 6555 | G76: Male | H76: 0 | I76: 59 | J76: * | K76: 291 | L76: 18 | M76: * | N76: 0 | O76: 377
B77: 1270407036555Female | C77: 127040703 | D77: Ambridge Area SD | E77: Ambridge Area HS | F77: 6555 | G77: Female | H77: 0 | I77: 59 | J77: * | K77: 237 | L77: 19 | M77: * | N77: 0 | O77: 329
B78: 1270407036555Total | C78: 127040703 | D78: Ambridge Area SD | E78: Ambridge Area HS Total | F78: 6555 | G78: Total | H78: 0 | I78: 118 | J78: * | K78: 528 | L78: 37 | M78: * | N78: 0 | O78: 706
B79: 1270407030633Male | C79: 127040703 | D79: Ambridge Area SD | E79: Ambridge Area MS | F79: 0633 | G79: Male | H79: 0 | I79: 39 | J79: * | K79: 137 | L79: * | M79: * | N79: 0 | O79: 186
B80: 1270407030633Female | C80: 127040703 | D80: Ambridge Area SD | E80: Ambridge Area MS | F80: 0633 | G80: Female | H80: 0 | I80: 33 | J80: * | K80: 113 | L80: * | M80: * | N80: 0 | O80: 166
B81: 1270407030633Total | C81: 127040703 | D81: Ambridge Area SD | E81: Ambridge Area MS Total | F81: 0633 | G81: Total | H81: 0 | I81: 72 | J81: * | K81: 250 | L81: 15 | M81: * | N81: 0 | O81: 352
B82: 1133803032725Male | C82: 113380303 | D82: Annville-Cleona SD | E82: Annville Cleona HS | F82: 2725 | G82: Male | H82: 0 | I82: * | J82: 25 | K82: 212 | L82: 0 | M82: * | N82: 0 | O82: 243
B83: 1133803032725Female | C83: 113380303 | D83: Annville-Cleona SD | E83: Annville Cleona HS | F83: 2725 | G83: Female | H83: 0 | I83: * | J83: 16 | K83: 187 | L83: * | M83: * | N83: * | O83: 221
B84: 1133803032725Total | C84: 113380303 | D84: Annville-Cleona SD | E84: Annville Cleona HS Total | F84: 2725 | G84: Total | H84: 0 | I84: * | J84: 41 | K84: 399 | L84: * | M84: 12 | N84: * | O84: 464
B85: 1133803038178Male | C85: 113380303 | D85: Annville-Cleona SD | E85: Annville-Cleona MS | F85: 8178 | G85: Male | H85: * | I85: * | J85: 11 | K85: 102 | L85: * | M85: * | N85: 0 | O85: 122
B86: 1133803038178Female | C86: 113380303 | D86: Annville-Cleona SD | E86: Annville-Cleona MS | F86: 8178 | G86: Female | H86: 0 | I86: 0 | J86: 11 | K86: 87 | L86: * | M86: * | N86: 0 | O86: 103
B87: 1133803038178Total | C87: 113380303 | D87: Annville-Cleona SD | E87: Annville-Cleona MS Total | F87: 8178 | G87: Total | H87: * | I87: * | J87: 22 | K87: 189 | L87: * | M87: * | N87: 0 | O87: 225
B88: 1140605030820Male | C88: 114060503 | D88: Antietam SD | E88: Antietam MS/HS | F88: 0820 | G88: Male | H88: 0 | I88: 16 | J88: 128 | K88: 134 | L88: * | M88: * | N88: 0 | O88: 292
B89: 1140605030820Female | C89: 114060503 | D89: Antietam SD | E89: Antietam MS/HS | F89: 0820 | G89: Female | H89: 0 | I89: 17 | J89: 97 | K89: 127 | L89: * | M89: * | N89: 0 | O89: 255
B90: 1140605030820Total | C90: 114060503 | D90: Antietam SD | E90: Antietam MS/HS Total | F90: 0820 | G90: Total | H90: 0 | I90: 33 | J90: 225 | K90: 261 | L90: * | M90: * | N90: 0 | O90: 547
B91: 1045103948031Male | C91: 104510394 | D91: Antonia Pantoja Community CS | E91: Antonia Pantoja Community CS | F91: 8031 | G91: Male | H91: 0 | I91: 0 | J91: * | K91: 0 | L91: * | M91: 0 | N91: 0 | O91: 68
B92: 1045103948031Female | C92: 104510394 | D92: Antonia Pantoja Community CS | E92: Antonia Pantoja Community CS | F92: 8031 | G92: Female | H92: 0 | I92: * | J92: * | K92: 0 | L92: 0 | M92: 0 | N92: 0 | O92: 70
B93: 1045103948031Total | C93: 104510394 | D93: Antonia Pantoja Community CS | E93: Antonia Pantoja Community CS Total | F93: 8031 | G93: Total | H93: 0 | I93: * | J93: * | K93: 0 | L93: * | M93: 0 | N93: 0 | O93: 138
B94: 1280306032320Male | C94: 128030603 | D94: Apollo-Ridge SD | E94: Apollo-Ridge HS | F94: 2320 | G94: Male | H94: * | I94: * | J94: 0 | K94: 155 | L94: * | M94: * | N94: 0 | O94: 170
B95: 1280306032320Female | C95: 128030603 | D95: Apollo-Ridge SD | E95: Apollo-Ridge HS | F95: 2320 | G95: Female | H95: * | I95: 0 | J95: * | K95: 134 | L95: * | M95: 0 | N95: 0 | O95: 144
B96: 1280306032320Total | C96: 128030603 | D96: Apollo-Ridge SD | E96: Apollo-Ridge HS Total | F96: 2320 | G96: Total | H96: * | I96: * | J96: * | K96: 289 | L96: 17 | M96: * | N96: 0 | O96: 314
B97: 1280306036570Male | C97: 128030603 | D97: Apollo-Ridge SD | E97: Apollo-Ridge MS | F97: 6570 | G97: Male | H97: 0 | I97: * | J97: 0 | K97: 89 | L97: * | M97: 0 | N97: 0 | O97: 94
B98: 1280306036570Female | C98: 128030603 | D98: Apollo-Ridge SD | E98: Apollo-Ridge MS | F98: 6570 | G98: Female | H98: * | I98: 0 | J98: * | K98: 84 | L98: * | M98: * | N98: 0 | O98: 91
B99: 1280306036570Total | C99: 128030603 | D99: Apollo-Ridge SD | E99: Apollo-Ridge MS Total | F99: 6570 | G99: Total | H99: * | I99: * | J99: * | K99: 173 | L99: * | M99: * | N99: 0 | O99: 185
B100: 1280308528342Male | C100: 128030852 | D100: Armstrong SD | E100: Armstrong JSHS | F100: 8342 | G100: Male | H100: * | I100: 11 | J100: 13 | K100: 758 | L100: * | M100: * | N100: 0 | O100: 788
...
